 Dungeon Crawl Stone Soup version 0.24-a0-284-g9fb9971df1 (webtiles) character file.

Game seed: 8101451796983261780

580621 Niddhogr the Bewitcher (level 27, -3/207 HPs)
             Began as a Formicid Venom Mage on May 5, 2019.
             Was an Initiate of Gozag.
             Engulfed by an ushabti's foul pestilence (9 damage)
             ... on level 2 of the Tomb of the Ancients on May 6, 2019.
             The game lasted 07:17:02 (101089 turns).

Niddhogr the Bewitcher (Formicid Venom Mage)      Turns: 101089, Time: 07:17:02

Health: -3/207     AC: 18    Str: 21    XL:     27
Magic:  42/45      EV: 23    Int: 41    God:    Gozag
Gold:   4804       SH: 26    Dex: 21    Spells: 4/62 levels left

rFire    + + .     SeeInvis +   p - +8 halberd of Ladow {freeze, Fragile rElec Int+7}
rCold    + . .     Gourm    .   t - +5 shield {AC+3} {AC+3}
rNeg     . . .     Faith    .   A - +1 leather armour "Zeaps" {rElec rCorr Int+2 Dex+4}
rPois    +         Spirit   .   (helmet unavailable)
rElec    +         Reflect  +   W - scarf {rC+ rF+}
rCorr    +         Harm     .   S - +2 pair of gloves {Str+3} {Str+3}
MR       ++...     Clarity  +   U - +2 pair of boots {run} {Speed+}
Stlth    +++++.....             y - amulet "Ebiyk" {Reflect Int+4 Slay+2 SH+3}
HPRegen  0.44/turn              H - +5 ring of intelligence
MPRegen  0.29/turn              F - ring of Vehumet's Wrath {+Fly rF+ EV+5 Dex+6 SInv}

@: lethally poisoned (-3 -> -16), drained, quick
A: permanent stasis, dig shafts and tunnels, four strong arms, antennae 3, large
bone plates 2, thin metallic scales 1, clarity, poison resistance
}: 3/15 runes: decaying, serpentine, silver
a: Dig, Shaft Self, Potion Petition, Call Merchant, Bribe Branch, Renounce
Religion, Evoke Flight


You were on level 2 of the Tomb of the Ancients.
You worshipped Gozag.
Gozag was most pleased with you.
You were not hungry.

You visited 12 branches of the dungeon, and saw 55 of its levels.
You visited the Abyss 1 time.
You visited 1 bazaar.
You also visited: Sewer, Bailey, Gauntlet and Ice Cave.

You collected 31932 gold pieces.
You spent 11377 gold pieces at shops.
You paid 15751 gold pieces to Gozag.

Inventory:

Hand Weapons
 p - the +8 halberd of Ladow (weapon) {freeze, Fragile rElec Int+7}
   (You bought it in a shop on level 7 of the Dungeon)

   It has been specially enchanted to freeze those struck by it, causing extra
   injury to most foes and up to half again as much damage against particularly
   susceptible opponents.
   It can also slow down cold-blooded creatures.
   It affects your intelligence (+7).
   It insulates you from electricity.
   It will be destroyed if unequipped.
 K - a +9 bardiche of protection
Missiles
 b - 6 needles of confusion
 n - a throwing net {=f}
 r - 30 needles of sleeping
 Q - 1712 arrows
 R - 35 curare-tipped needles
 X - 3 needles of paralysis
 Y - 7 silver javelins (quivered)
Armour
 t - a +5 shield of protection (worn) {AC+3}
 A - the +1 leather armour "Zeaps" (worn) {rElec rCorr Int+2 Dex+4}
   (You found it on level 2 of the Vaults)

   It affects your intelligence (+2).
   It affects your dexterity (+4).
   It insulates you from electricity.
   It provides partial protection from all sources of acid and corrosion.
 S - a +2 pair of gloves of strength (worn) {Str+3}
 T - the +9 plate armour of Intercession {*Contam rElec rPois Int+8}
   (You bought it in a shop on level 2 of the Orcish Mines)

   It affects your intelligence (+8).
   It insulates you from electricity.
   It protects you from poison.
   It causes magical contamination when unequipped.
 U - a +2 pair of boots of running (worn) {Speed+}
 W - a scarf of resistance (worn)
 Z - the +18 shield of the Gong {rElec rN+ MR+ EV-5}
   (You took it off a deep elf annihilator on level 2 of the Elven Halls)

   It affects your evasion (-5).
   It insulates you from electricity.
   It protects you from negative energy.
   It affects your resistance to hostile enchantments.
Jewellery
 y - the amulet "Ebiyk" (around neck) {Reflect Int+4 Slay+2 SH+3}
   (You bought it in a shop on level 3 of the Depths)

   [amulet of reflection]

   It shields you and reflects attacks.
   It affects your intelligence (+4).
   It affects your accuracy and damage with ranged weapons and melee attacks
   (+2).
   It affects your SH (+3).
 F - the ring of Vehumet's Wrath (right hand) {+Fly rF+ EV+5 Dex+6 SInv}
   (You took it off a tengu warrior on level 2 of the Depths)

   [ring of evasion]

   It affects your evasion (+5).
   It affects your dexterity (+6).
   It protects you from fire.
   It lets you see invisible.
   It lets you fly.
 H - a +5 ring of intelligence (left hand)
Wands
 z - a wand of enslavement (42)
 C - a wand of acid (29)
 I - a wand of paralysis (49)
 M - a wand of polymorph (77)
 P - a wand of scattershot (12)
Scrolls
 a - 29 scrolls of remove curse
 e - a scroll of fear
 f - 9 scrolls of fog
 g - 6 scrolls of enchant weapon
 i - 7 scrolls of identify
 j - 7 scrolls of amnesia
 s - 7 scrolls of vulnerability {!r!r}
 w - 4 scrolls of enchant armour
 x - 4 scrolls of silence
 E - 5 scrolls of immolation {!r}
 G - a scroll of summoning
 N - a scroll of holy word {!r}
 O - 3 scrolls of magic mapping {!r}
Potions
 h - 2 potions of cancellation
 k - 9 potions of might
 l - 5 potions of flight
 m - 8 potions of ambrosia
 o - 14 potions of brilliance
 q - 4 potions of heal wounds
 u - 3 potions of resistance
 v - 3 potions of magic
 B - 12 potions of curing
 D - a potion of invisibility
 J - 4 potions of mutation {!q}
 L - 7 potions of lignification {!q}
 V - 6 potions of agility
Comestibles
 c - 15 rations


   Skills:
 - Level 15.0(14.2) Fighting
 + Level 18.1(17.2) Polearms
 - Level 17.3(16.5) Armour
 - Level 8.5(7.8) Dodging
 - Level 12.1(11.4) Stealth
 - Level 9.2(8.5) Shields
 - Level 18.0(17.1) Spellcasting
 - Level 15.0(14.2) Conjurations
 - Level 19.0(18.1) Hexes
 - Level 18.2(17.4) Necromancy
 - Level 10.0(9.3) Earth Magic
 - Level 12.0(11.2) Poison Magic


You had 4 spell levels left.
You knew the following spells:

 Your Spells              Type           Power        Failure   Level  Hunger
a - Poison Arrow          Conj/Pois      #######...   1%          6    None
b - Spectral Weapon       Hex/Chrm       #######.     1%          3    None
c - Infestation           Necr           ########..   4%          8    ####...
d - Discord               Hex            ########..   3%          8    ####...
e - Tukima's Dance        Hex            ########     0%          3    None
f - Confuse               Hex            ########     0%          3    None
g - Apportation           Tloc           #####.       1%          1    None
h - Passage of Golubria   Tloc           N/A          10%         4    None
i - Invisibility          Hex            ########     1%          6    None
o - Orb of Destruction    Conj           ########..   2%          7    None
s - Sticks to Snakes      Tmut           #####...     1%          2    None
w - Passwall              Tmut/Erth      ######..     1%          2    None
z - Lee's Rapid Deconstr  Erth           #######...   1%          5    None

Your spell library contained the following spells:

 Spells                   Type           Power        Failure   Level  Hunger
 Animate Skeleton         Necr           N/A          0%          1    None
 Confusing Touch          Hex            ######       0%          1    None
 Corona                   Hex            #######      0%          1    None
 Magic Dart               Conj           ####         0%          1    None
 Pain                     Necr           ####         0%          1    None
 Sting                    Conj/Pois      ####         0%          1    None
 Corpse Rot               Necr           N/A          0%          2    None
 Searing Ray              Conj           ######       0%          2    None
 Slow                     Hex            ########     0%          2    None
 Sublimation of Blood     Necr           ########..   0%          2    None
 Dazzling Spray           Conj/Hex       ######       0%          3    None
 Vampiric Draining        Necr           ########..   0%          3    None
 Animate Dead             Necr           N/A          0%          4    None
 Cause Fear               Hex            ########..   0%          4    None
 Fulminant Prism          Conj/Hex       ########..   0%          4    None
 Beastly Appendage        Tmut           #####.       1%          1    None
 Flame Tongue             Conj/Fire      #####        1%          1    None
 Freeze                   Ice            ####         1%          1    None
 Infusion                 Chrm           ####         1%          1    None
 Sandblast                Erth           ######       1%          1    None
 Summon Butterflies       Summ           #####...     1%          1    None
 Summon Small Mammal      Summ           ####         1%          1    None
 Call Imp                 Summ           #####...     1%          2    None
 Ensorcelled Hibernation  Hex/Ice        ######       1%          2    None
 Poisonous Vapours        Pois/Air       ######       1%          2    None
 Shroud of Golubria       Chrm/Tloc      #####.....   1%          2    None
 Song of Slaying          Chrm           #####...     1%          2    None
 Swiftness                Chrm/Air       #####...     1%          2    None
 Throw Frost              Conj/Ice       ######       1%          2    None
 Conjure Flame            Conj/Fire      #######.     1%          3    None
 Ignite Poison            Fire/Tmut/Pois ######..     1%          3    None
 Inner Flame              Hex/Fire       #######.     1%          3    None
 Mephitic Cloud           Conj/Pois/Air  #######.     1%          3    None
 Portal Projectile        Hex/Tloc       ######       1%          3    None
 Regeneration             Chrm/Necr      #######...   1%          3    None
 Spider Form              Tmut/Pois      ######....   1%          3    None
 Stone Arrow              Conj/Erth      ######       1%          3    None
 Summon Guardian Golem    Hex/Summ       #######.     1%          3    None
 Force Lance              Conj/Tloc      #######.     1%          4    None
 Iskenderun's Mystic Bla  Conj           ########     1%          4    None
 Leda's Liquefaction      Hex/Erth       #######...   1%          4    None
 Olgreb's Toxic Radiance  Pois           #######.     1%          4    None
 Petrify                  Tmut/Erth      ######..     1%          4    None
 Throw Icicle             Conj/Ice       #######.     1%          4    None
 Call Canine Familiar     Summ           #####...     3%          3    None
 Lesser Beckoning         Tloc           #####.....   3%          3    None
 Ozocubu's Armour         Chrm/Ice       #####...     3%          3    None
 Recall                   Summ/Tloc      N/A          3%          3    None
 Ice Form                 Ice/Tmut       #####...     10%         4    None
 Summon Ice Beast         Ice/Summ       #####...     10%         4    None
 Summon Lightning Spire   Summ/Air       #####...     10%         4    None
 Agony                    Necr           ########     1%          5    None
 Bolt of Draining         Conj/Necr      ########..   1%          5    None
 Bolt of Magma            Conj/Fire/Erth #######...   1%          5    None
 Dispel Undead            Necr           ########     1%          5    None
 Excruciating Wounds      Chrm/Necr      #######...   1%          5    None
 Fireball                 Conj/Fire      #######...   1%          5    None
 Irradiate                Conj/Tmut      #######...   1%          5    None
 Silence                  Hex/Air        #######...   1%          5    None
 Summon Mana Viper        Hex/Summ       #######.     1%          5    None
 Venom Bolt               Conj/Pois      #######...   1%          5    None
 Yara's Violent Unravell  Hex/Tmut       #######...   1%          5    None
 Darkness                 Hex            ########..   1%          6    None
 Death Channel            Necr           ########..   1%          6    None
 Iron Shot                Conj/Erth      #######...   1%          6    None
 Alistair's Intoxication  Tmut/Pois      ######..     2%          5    None
 Borgnjor's Revivificati  Necr           ########..   4%          8    ####...
 Bolt of Fire             Conj/Fire      #######...   9%          6    None
 Freezing Cloud           Conj/Ice/Air   ######....   22%         6    None
 Statue Form              Tmut/Erth      ######...    22%         6    None
 Haunt                    Necr/Summ      #######...   24%         7    None
 Blade Hands              Tmut           #####.....   26%         5    None
 Summon Forest            Summ/Tloc      #####.....   26%         5    None
 Lehudib's Crystal Spear  Conj/Erth      #######...   45%         8    ####...
 Deflect Missiles         Chrm/Air       #####.....   83%         6    None
 Hydra Form               Tmut           #####.....   83%         6    None
 Death's Door             Chrm/Necr      #######...   88%         8    ####...
 Necromutation            Tmut/Necr      #######...   88%         8    ####...
 Chain Lightning          Conj/Air       #######...   98%         8    ####...
 Dragon Form              Tmut           #####.....   100%        7    None
 Ring of Flames           Chrm/Fire      #####.....   100%        7    None
 Summon Hydra             Summ           #####.....   100%        7    None
 Ignition                 Fire           #####.....   100%        8    ####...
 Dragon's Call            Summ           #####.....   100%        9    #####..
 Fire Storm               Conj/Fire      #######...   100%        9    #####..
 Glaciate                 Conj/Ice       #######...   100%        9    #####..
 Shatter                  Erth           #######...   100%        9    #####..
 Blink                    Tloc           Unusable     N/A         2    N/A

Dungeon Overview and Level Annotations

Branches:
Dungeon (15/15)            Temple (1/1) D:5            Lair (6/6) D:10
  Swamp (4/4) Lair:2        Snake (4/4) Lair:4        Slime (5/5) Lair:6
    Orc (2/2) D:12            Elf (3/3) Orc:2        Vaults (5/5) D:14
  Crypt (3/3) Vaults:2       Tomb (2/3) Crypt:3      Depths (5/5) D:15
    Zot (0/5) Depths:5

Altars:
Ashenzari
Cheibriados
Dithmenos
Elyvilon
Fedhas
Gozag
Hepliaklqana
Kikubaaqudgha
Makhleb
Nemelex Xobeh
Okawaru
Qazlal
Ru
Sif Muna
Trog
Uskayaw
Vehumet
Wu Jian
Xom
Yredelemnul
Zin
The Shining One
Jiyva

Shops:
D:4 %   D:6 }   D:7 (   D:11 :   D:12 [*   D:13 *   D:15 ***}}   Orc:2 ([::
Elf:1 *   Elf:2 }   Lair:2 %   Swamp:3 =   Snake:1 [[!   Snake:2 [
Vaults:2 [:   Vaults:3 (   Vaults:4 (!   Crypt:3 (   Depths:2 [   Depths:3 =
Depths:4 =}}

Portals:
Hell: Depths:1 Depths:2 Depths:3 Depths:4 Depths:5
Abyss: Depths:1 Depths:4 Depths:5
Pandemonium: Depths:1 Depths:3 Depths:4
Ziggurat: Depths:1

Annotations:
Slime:5 Royal Jelly
Elf:2 3 runed translucent doors


Innate Abilities, Weirdness & Mutations

You cannot be hasted, slowed, berserked, paralysed or teleported.
You can dig through walls and to a lower floor.
Your four strong arms can wield two-handed weapons with a shield.
You have a pair of large antennae on your head. (SInv)
You are mostly covered in large bone plates. (SH +6)
You are partially covered in thin metallic scales. (AC +2)
You possess an exceptional clarity of mind.
Your system is resistant to poisons. (rPois)


Message History

You are poisoned.
* * * LOW HITPOINT WARNING * * *
You feel very sick. The jiangshi completely misses you. The jiangshi claws you.
* * * LOW HITPOINT WARNING * * *
The jiangshi draws strength from your injuries!
You block the shadow wraith's attack.
The greater mummy calls on the powers of darkness!
Your body is wracked with pain!
* * * LOW HITPOINT WARNING * * *
The mana viper convulses!
You block the guardian mummy's attack.
The freezing wraith hits you but does no damage.
You block the freezing wraith's attack. The jiangshi claws you!
* * * LOW HITPOINT WARNING * * *
The jiangshi draws strength from your injuries!
The jiangshi completely misses you.
You continue meditating on the rock.
You are engulfed in dark miasma.
You die...
Your body crumbles into a pile of gold.

....#######Z...***,,,,******
.8..^..S........##*...#,,,,*
..☼..............##...#.,,,*
...○....[..W..........'.,,,*
....°.......M.W.....M.#,,,,*
.....W.....WM8.z##....#,,,,*
......°...8nMMzz8ZWM..#*****
^...........MSVVMWn...#,,,>*
......M...MZMZMW@#*,,,*,,,,*
(.....^......MMM##*,,,*,,,,*
....#######..MW##*,,,,*,,,,*
#...******#..z##*<,,,,*,,,,*
#...,,,,,.M..W#*,,,,,,*,,,,*
.M,,,,,*.M....{.,,,,,,*,,,,*
,,,,,{{#.........,,,,,*,,,,*
,,,,{,,..........,,,,,*,,,,*
,,,,,,,,,,,,,,,,,,,,,,*,,,,*


You could see 3 greater mummies, a mummy priest, a jiangshi, 2 shadow wraiths, 2
phantasmal warriors, a mana viper, 5 guardian mummies, 3 ushabtiu, 2 freezing
wraiths, a vampire, 2 wraiths, 2 necrophages, 3 flying skulls, 8 mummies, a
wight, an ettin zombie, an ogre skeleton and a stone giant skeleton.

Levels and vault maps discovered:
D:1:      dpeg_arrival_refuge, layout_loops_ring
D:2:      layout_rooms, kennysheep_generic_room_4, uniq_natasha
D:3:      layout_loops_ring, portal_sewer_entry_b, minmay_joined_circles,
          uniq_ijyb
D:4:      layout_cave_pools, first_ration, serial_shops,
          nicolae_shop_statue_plus
D:5:      layout_basic, minmay_temple_entry_arrows, interstate_on_off,
          uniq_duvessa
D:6:      layout_basic, lemuel_crystal_altar, serial_shops, shop
D:7:      layout_basic
D:8:      layout_cave_pools, basic_altar
D:9:      layout_stronghold, blue_anna_alchemist [blue_anna_fruit_fields,
          blue_anna_fruit_fields], nrook_loot_triangle, grunt_decor_arrowhead,
          minmay_pinched_square, uniq_pikel
D:10:     layout_big_octagon, david_lair_generic, enter_bailey_2,
          kennysheep_generic_room_7
D:11:     layout_irregular_city
D:12:     layout_cave_pools, hiddenorc2_lemuel, serial_shops,
          nicolae_shop_stone, elves_outpost_lemuel
D:13:     minmay_angry_zag, layout_loops_ring, serial_shops, kennysheep_mini,
          st_stairs_14, nicolae_alphabet_shops, uniq_sonja
D:14:     layout_basic, ximxim_vaults_locker_room, basic_altar,
          lemuel_mausoleum_altar_yredelemnul
D:15:     gammafunk_enter_depths_forms, layout_gridville, serial_shops, shop,
          shop, nicolae_shop_behind_doors, nicolae_shop_statue_plus,
          shop_fountains, minmay_misc_feat_tiny, xom_teletrap_fun
Temple:   minmay_crystal_snake_temple
Lair:1:   layout_cave_pods, uniq_grum
Lair:2:   layout_gridlike, palyth_hydra_swamp_entry, ebering_ghost_rock_garden,
          gauntlet_entry_generic, kennysheep_abandoned_house
Lair:3:   layout_roguey, wad_woods_road_02, minivault_19, st_stairs_7,
          serial_bayou_shore_a, minmay_lair_oklob_chamber, grunt_megastairs_3
Lair:4:   layout_gridlike, dummy_snake_entry, ebering_ghost_rock_garden,
          grunt_megastairs_5, infiniplex_staircase_pool, uniq_nergalle
Lair:5:   beast_lair_carwin_large_2, layout_long_grid,
          ebering_ghost_funeral_grove
Lair:6:   gammafunk_lair_ancient_temple, layout_regular_city, slime_altar_1,
          st_stairs_6, infiniplex_staircase_pool_2
Swamp:1:  layout_basic_swamp, evilmike_swamp_ruin_house_2, uniq_jorgrun
Swamp:2:  layout_falls_marsh, evilmike_swamp_ruin_rubble_1
Swamp:3:  layout_basic_swamp, hangedman_swamp_ruin_wall
Swamp:4:  swamp_alternative, layout_basic_swamp, uniq_kirke
Snake:1:  layout_chambers, serial_shops, nicolae_shop_trees, grunt_ministairs_15
Snake:2:  layout_cave_town, portal_ice_cave_entry_pillars_2, serial_shops, shop,
          uniq_aizul
Snake:3:  minmay_snake_river, layout_cave_town, guppyfry_library_mini
Snake:4:  grunt_snake_rune_serpentine_throne, layout_onion, basic_altar,
          uniq_vashnia, uniq_agnes
Slime:1:  layout_caves
Slime:2:  layout_caves
Slime:3:  layout_caves
Slime:4:  layout_caves
Slime:5
Orc:1:    layout_diamond_mine, uniq_erica, uniq_urug
Orc:2:    st_orc_open, layout_caves, serial_shops, bzr_entry_customers,
          led_sif_book, uniq_rupert
Elf:1:    layout_geoelf_grid, serial_shops, nicolae_shop_behind_doors,
          kennysheep_underground_church
Elf:2:    layout_geoelf_octagon, serial_shops, shop
Elf:3:    minmay_elf_hall_dome, layout_onion_city, basic_altar, st_stairs_13,
          uniq_donald
Vaults:1: vaults_dpeg_ring, v_misc_25, st_greater_box_3, hangedman_vaults_slice,
          vaults_standard_mumra_x, nicolae_vaults_little_squares_1, v_misc_8,
          vaults_dpeg_encased_lava, layout_vaults_chaotic_city, uniq_nikola
Vaults:2: v_alt_pattern_3, vaults_room_grunt_arrival_ludios, v_misc_24,
          minmay_crypt_entry_necro_gods, vaults_room_door_hall, v_alt_pattern_6,
          grunt_vaults_twisty, vaults_room_door_ring,
          hangedman_vaults_stretched_pinwheel, layout_vaults_omnigrid,
          serial_shops, shop
Vaults:3: v_pattern_4, hangedman_vaults_snaps, nicolae_vaults_branching_niches,
          v_misc_5, v_misc_16, grunt_vaults_hallway_long,
          nicolae_vaults_little_squares_6, v_rooms_3, v_misc_4,
          vaults_room_pools, vaults_room_door_ring, v_misc_11,
          ontoclasm_vaults_loading_screen, v_misc_24, layout_vaults_maze_snakey,
          serial_shops, nicolae_shop_stone
Vaults:4: st_more_cells, nicolae_vaults_twisting_passages,
          nicolae_vaults_specimen_jars, v_misc_3, hangedman_vaults_impose,
          nicolae_vaults_asterisk, hangedman_vaults_maws,
          nicolae_vaults_sealed_display, v_misc_9,
          nicolae_vaults_little_squares_2, hangedman_vaults_slice,
          layout_vaults_ring, serial_shops, nicolae_shop_window_shopping
Vaults:5: serial_shops
Crypt:1:  layout_misc_corridors
Crypt:2:  lemuel_vampire_tower, layout_misc_corridors, minivault_14
Crypt:3:  evilmike_haunted_forest, uniq_bai_suzhen
Tomb:1
Tomb:2:   uniq_boris
Depths:1: layout_cave_shapes, enter_ziggurat_b, minivault_11,
          rand_demon_pan_entry_3, hangedman_geh_valley, abyss_entry,
          minmay_liquid_box, solitary_fountain, drop_trap,
          chequers_serial_rivers_micro_a, hex_medium, bh_walls_and_bars
Depths:2: minmay_the_grid_triangle_9x9_rhombus_full
          [minmay_the_grid_triangle_9x9_warning,
          minmay_the_grid_triangle_9x9_descending_squares,
          minmay_the_grid_triangle_9x9_wacky_v,
          minmay_the_grid_triangle_9x9_pentomino_pain,
          minmay_the_grid_triangle_9x9_windchime,
          minmay_the_grid_triangle_9x9_steps,
          minmay_the_grid_triangle_9x9_dagger,
          minmay_the_grid_triangle_9x9_prize_center], layout_small_grid,
          minmay_holes, serial_shops, nicolae_shop_crystal,
          pf_hell_entry_tar_spiral, chequers_decorated_corner,
          nemelex_xobeh_ov_fountains_minmay, infiniplex_staircase_split_hallway
Depths:3: kennysheep_six_static_rooms, layout_cave_pools, grunt_mini_vestibule,
          pan_entry, chequers_serial_rivers_micro_a, infiniplex_staircase_river
Depths:4: cheibrodos_hall_of_evolution, layout_basic, pan_entry,
          abyss_entry_small_statue_room, grunt_hell_entry_dis_old,
          serial_bayou_pond_d, minmay_tree_intersection, minmay_shop_grove
Depths:5: grunt_twist_and_shout, layout_basic, nicolae_two_hexagons,
          hellmouth_1, abyss_entry, minmay_misc_feat_plants

Notes
Turn   | Place    | Note
-------+----------+-------------------------------------------
     0 | D:1      | Niddhogr the Formicid Venom Mage began the quest for the
                  | Orb.
     0 | D:1      | Reached XP level 1. HP: 13/13 MP: 3/3
   108 | D:1      | Identified a +0 cloak (You found it on level 1 of the
                  | Dungeon)
   328 | D:1      | Identified a +0 dagger
   335 | D:1      | Reached XP level 2. HP: 16/19 MP: 3/5
   339 | D:1      | Learned a level 2 spell: Poisonous Vapours
   380 | D:1      | Identified a +0 dagger
   472 | D:1      | Identified a cursed +0 whip (You found it on level 1 of the
                  | Dungeon)
   474 | D:1      | Identified a cursed -2 dagger
   477 | D:1      | Reached skill level 5 in Poison Magic
   570 | D:1      | Reached XP level 3. HP: 24/24 MP: 2/6
   575 | D:1      | Learned a level 3 spell: Mephitic Cloud
   712 | D:1      | Identified a +0 club
   949 | D:1      | Identified a +0 club
  1139 | D:2      | Reached skill level 6 in Poison Magic
  1139 | D:2      | Reached XP level 4. HP: 30/30 MP: 2/7
  1202 | D:2      | Identified a cursed -2 club
  1300 | D:2      | Identified a potion of mutation
  1300 | D:2      | Gained mutation: You are partially covered in rugged brown
                  | scales. (AC +1, +3% HP) [potion of mutation]
  1300 | D:2      | Gained mutation: Your spells are a little harder to cast,
                  | but a little more powerful. [potion of mutation]
  1301 | D:2      | Identified a potion of heal wounds
  1307 | D:2      | Identified a potion of resistance
  1308 | D:2      | Identified a potion of might
  1318 | D:2      | HP: 7/30 [poisoned by an adder]
  1325 | D:2      | HP: 6/30 [poisoned by an adder]
  1592 | D:2      | Identified a +0 short sword
  1755 | D:2      | Noticed Natasha
  1785 | D:2      | Killed Natasha
  1785 | D:2      | Reached skill level 7 in Poison Magic
  1785 | D:2      | Reached XP level 5. HP: 27/36 MP: 2/8
  1803 | D:2      | Noticed Natasha
  1872 | D:2      | Killed Natasha
  2107 | D:2      | Identified a +0 giant spiked club
  2107 | D:2      | Noticed an ogre
  2108 | D:2      | Identified a cursed -3 club
  2112 | D:2      | Noticed Natasha
  2136 | D:2      | Killed Natasha
  2316 | D:2      | Killed an ogre
  2316 | D:2      | Reached skill level 8 in Poison Magic
  2316 | D:2      | Reached XP level 6. HP: 42/42 MP: 4/9
  2667 | D:2      | Identified a +0 whip
  2918 | D:3      | Identified a +0 club
  2975 | D:3      | Identified a +0 leather armour
  2975 | D:3      | Noticed Ijyb
  2985 | D:3      | Killed Ijyb
  2985 | D:3      | Reached skill level 9 in Poison Magic
  2997 | D:3      | Identified a +0 hand axe
  3023 | D:3      | Identified a +0 dagger
  3053 | D:3      | Identified a +0 club
  3088 | D:3      | Identified a +0 club
  3198 | D:3      | Identified a +0 club
  3263 | D:3      | Identified 3 scrolls of identify
  3263 | D:3      | Identified a scroll of fog
  3264 | D:3      | Identified a scroll of teleportation
  3266 | D:3      | Identified a scroll of blinking
  3334 | D:3      | Found a glowing drain.
  3374 | D:3      | Identified a +0 short sword
  3384 | Sewer    | Entered a sewer
  3398 | Sewer    | Reached XP level 7. HP: 19/47 MP: 1/10
  3624 | Sewer    | Learned a level 4 spell: Olgreb's Toxic Radiance
  4069 | Sewer    | Reached skill level 10 in Poison Magic
  4284 | Sewer    | Reached skill level 1 in Polearms
  4445 | Sewer    | Reached skill level 3 in Spellcasting
  4664 | D:3      | Identified 2 scrolls of remove curse
  4666 | D:3      | Identified a cursed -2 spear (You found it on level 2 of
                  | the Dungeon)
  4697 | D:3      | Identified a ring of resist corrosion (You found it on
                  | level 3 of the Dungeon)
  4703 | D:3      | Identified a +0 flail
  4703 | D:3      | Identified a +0 hunting sling
  4747 | D:3      | Identified a ring of ice (You found it on level 3 of the
                  | Dungeon)
  4829 | D:3      | Identified a +2 dagger of protection
  4829 | D:3      | Identified a +0 robe
  4829 | D:3      | Identified a +0 war axe
  4830 | D:3      | Identified a +0 club
  4847 | D:3      | Reached skill level 4 in Spellcasting
  5280 | D:4      | Identified a +0 whip
  5280 | D:4      | Identified a +0 leather armour
  5287 | D:4      | Identified a +0 mace
  5287 | D:4      | Identified a +0 leather armour
  5298 | D:4      | Reached XP level 8. HP: 44/53 MP: 4/14
  5299 | D:4      | Identified a +0 dagger
  5299 | D:4      | Identified a +0 robe
  5315 | D:4      | Identified a +0 club
  5315 | D:4      | Identified a cursed +0 ring mail
  5673 | D:4      | Found Lohe's Food Shop.
  5704 | D:4      | Reached skill level 5 in Spellcasting
  5809 | D:4      | Identified a +0 whip
  5810 | D:4      | Identified a +2 whip of venom
  6086 | D:5      | Entered Level 5 of the Dungeon
  6109 | D:5      | Identified a +0 whip
  6109 | D:5      | Identified a +0 spear of venom
  6109 | D:5      | Identified a +0 ring mail
  6109 | D:5      | Identified a +0 buckler
  6126 | D:5      | Reached skill level 6 in Spellcasting
  6184 | D:5      | Identified a +0 giant club
  6206 | D:5      | Reached skill level 2 in Shields
  6313 | D:5      | Identified a +0 club
  6331 | D:5      | Identified a +0 rapier
  6331 | D:5      | Identified a +0 scale mail
  6331 | D:5      | Noticed Duvessa
  6331 | D:5      | Identified a +0 dagger
  6331 | D:5      | Identified a +0 robe
  6331 | D:5      | Noticed Dowan
  6367 | D:5      | Killed Duvessa
  6367 | D:5      | Reached skill level 3 in Shields
  6430 | D:5      | Found a staircase to the Ecumenical Temple.
  6438 | Temple   | Entered the Ecumenical Temple
  6600 | Temple   | Became a worshipper of Gozag Ym Sagoz the Greedy
  6625 | D:5      | Identified a +0 flail
  6871 | D:5      | Identified a +0 whip
  6871 | D:5      | Identified a +0 spear
  6872 | D:5      | Identified a cursed -2 club
  6877 | D:5      | Reached skill level 2 in Polearms
  6908 | D:5      | Identified a +0 trident
  6910 | D:5      | Identified a +0 dagger
  6910 | D:5      | Identified a +0 robe
  6930 | D:5      | Identified a +0 scale mail
  6931 | D:5      | Identified a +0 hand axe
  6961 | D:5      | Reached skill level 3 in Polearms
  7195 | D:5      | Reached XP level 9. HP: 58/58 MP: 14/18
  7233 | D:5      | Killed Dowan
  7233 | D:5      | Reached skill level 4 in Polearms
  7304 | D:5      | Identified a +0 whip
  7305 | D:5      | Identified a +0 scale mail
  7388 | D:6      | Identified a cursed -3 trident
  7388 | D:6      | Identified a +0 ring mail
  7388 | D:6      | Identified a +0 spear
  7388 | D:6      | Identified a +0 spear
  7391 | D:6      | Identified a +0 club
  7492 | D:6      | Identified a +0 whip
  7495 | D:6      | Identified a +0 club
  7508 | D:6      | Identified a +0 dagger
  7515 | D:6      | Identified a +0 club
  7602 | D:6      | Identified an amulet of reflection (You found it on level 6
                  | of the Dungeon)
  7604 | D:6      | Identified 3 potions of flight
  7612 | D:6      | Reached skill level 7 in Spellcasting
  7720 | D:6      | Found Foockeul's Gadget Shoppe.
  7730 | D:6      | Identified a +0 whip
  7730 | D:6      | Identified a +0 robe
  7730 | D:6      | Identified a cursed -2 spear
  7730 | D:6      | Identified a +0 club
  7731 | D:6      | Identified a +0 flail
  7775 | D:6      | Identified a +0 trident
  7856 | D:6      | Found an ornate altar of the Wu Jian Council.
  7946 | D:6      | Got a sparkling lead ring
  7947 | D:6      | Identified the ring "Guqusog" {rC+++ EV+3} (You found it on
                  | level 6 of the Dungeon)
  8253 | D:6      | Identified a +0 dagger
  8254 | D:6      | Identified a cursed -1 long sword
  8254 | D:6      | Identified a +0 plate armour
  8254 | D:6      | Identified a +0 dagger
  8255 | D:6      | Identified a +0 giant spiked club
  8275 | D:6      | Reached skill level 8 in Spellcasting
  8861 | D:6      | Identified a +0 great sword
  8861 | D:6      | Identified a +0 robe
  8863 | D:6      | Identified a cursed +0 battleaxe
  8863 | D:6      | Identified a +0 robe
  8870 | D:6      | Identified a cursed +3 halberd
  8870 | D:6      | Identified a +0 robe
  9245 | D:7      | Identified a +0 dagger
  9245 | D:7      | Identified a +1 robe of the Archmagi
  9246 | D:7      | Identified a +0 dagger
  9246 | D:7      | Identified a +0 robe
  9246 | D:7      | Identified a +0 flail
  9246 | D:7      | Identified a +0 leather armour
  9246 | D:7      | Identified a +0 short sword
  9248 | D:7      | Identified a +0 mace of protection
  9248 | D:7      | Identified a +1 robe of resistance
  9248 | D:7      | Identified a +5 battleaxe of freezing
  9248 | D:7      | Identified a +0 robe
  9294 | D:6      | Reached skill level 9 in Spellcasting
  9370 | D:7      | Identified a +0 club
  9370 | D:7      | Identified a +0 ring mail
  9373 | D:7      | Identified a +0 dagger
  9384 | D:7      | Identified a +0 flail
  9469 | D:7      | Identified 2 potions of degeneration
  9515 | D:7      | Identified a +0 giant spiked club
  9692 | D:7      | Noticed a brown ugly thing
  9696 | D:7      | You fall through a shaft!
  9707 | D:7      | Noticed a hippogriff
  9823 | D:8      | Identified 3 scrolls of enchant armour
  9824 | D:8      | Identified a +0 short sword
  9825 | D:8      | Identified a +0 short sword
  9826 | D:8      | Identified a +0 dagger
  9838 | D:8      | Reached XP level 10. HP: 44/64 MP: 23/23
 10023 | D:7      | Identified a +0 club
 10023 | D:7      | Identified a +0 club
 10023 | D:7      | Identified a +0 war axe
 10023 | D:7      | Identified a +0 leather armour
 10039 | D:7      | Identified a +0 flail
 10049 | D:7      | Identified a +0 dagger of protection
 10049 | D:7      | Identified a cursed +0 robe
 10057 | D:7      | Reached skill level 10 in Spellcasting
 10149 | D:7      | Killed a brown ugly thing
 10149 | D:7      | Reached skill level 5 in Polearms
 10184 | D:7      | Identified a +3 war axe
 10184 | D:7      | Identified a +0 robe
 10186 | D:7      | Identified a +0 spear
 10186 | D:7      | Identified a +0 robe
 10232 | D:6      | Reached skill level 6 in Polearms
 10638 | D:7      | Identified a +0 spear
 10638 | D:7      | Identified a +0 robe
 10866 | D:7      | Identified a +0 flail
 10866 | D:7      | Identified a +0 chain mail
 10867 | D:7      | Identified a +0 mace
 10867 | D:7      | Identified a +0 club
 10869 | D:7      | Identified a +1 hand axe of freezing
 10869 | D:7      | Identified a +0 leather armour
 10878 | D:7      | Identified a +0 dagger
 10880 | D:7      | Identified a +0 ring mail
 11085 | D:7      | Bought a fine halberd for 252 gold pieces
 11085 | D:7      | Identified the +8 halberd of Ladow {freeze, Fragile rElec
                  | Int+7} (You bought it in a shop on level 7 of the Dungeon)
 11106 | D:8      | Reached skill level 7 in Polearms
 11229 | D:8      | Identified a +0 halberd
 11230 | D:8      | Identified a +0 club
 11230 | D:8      | Identified a +0 flail
 11434 | D:8      | Identified a +0 shortbow
 11601 | D:8      | Found a deep blue altar of Sif Muna.
 11654 | D:8      | Identified a +0 scale mail
 11720 | D:9      | Identified a +0 animal skin
 11721 | D:9      | Identified a +0 animal skin
 11722 | D:9      | Identified a +2 whip of flaming
 11722 | D:9      | Identified a +2 robe of cold resistance
 11722 | D:9      | Noticed Pikel
 11722 | D:9      | Identified a cursed +0 animal skin
 11724 | D:9      | Identified a +0 animal skin
 11735 | D:9      | Killed Pikel
 11735 | D:9      | Reached skill level 8 in Polearms
 11884 | D:9      | Got a bloodstained scale mail
 11950 | D:9      | Identified a +0 dagger
 11950 | D:9      | Identified a +0 robe
 11958 | D:9      | Reached skill level 9 in Polearms
 11990 | D:9      | Identified a +0 giant spiked club
 12001 | D:9      | Reached XP level 11. HP: 44/70 MP: 21/25
 12155 | D:9      | Learned a level 3 spell: Confuse
 12159 | D:9      | Learned a level 3 spell: Tukima's Dance
 12171 | D:9      | Got an encrusted halberd
 12244 | D:9      | Reached skill level 10 in Polearms
 12249 | D:9      | Reached skill level 1 in Hexes
 12255 | D:9      | Reached skill level 2 in Hexes
 12440 | D:9      | Identified a +0 mace
 12440 | D:9      | Identified a +0 leather armour
 12441 | D:9      | Identified a +0 war axe
 12441 | D:9      | Identified a +0 ring mail
 12443 | D:9      | Identified a +0 scimitar
 12443 | D:9      | Identified a +0 chain mail
 12443 | D:9      | Identified a +0 flail
 12443 | D:9      | Identified a +0 leather armour
 12446 | D:9      | Identified a +0 short sword
 12446 | D:9      | Identified a cursed +0 chain mail
 12446 | D:9      | Reached skill level 3 in Hexes
 12522 | D:9      | Identified a +0 shortbow
 12689 | D:9      | Identified a +2 shortbow of flaming
 12694 | D:9      | Reached skill level 4 in Hexes
 12825 | D:9      | Identified a ring of intelligence (You found it on level 9
                  | of the Dungeon)
 12836 | D:9      | Identified the +1 scale mail "Yskil" {Str+7} (You found it
                  | on level 9 of the Dungeon)
 12925 | D:9      | Identified a +0 giant club
 13281 | D:9      | Identified a +0 short sword
 13322 | D:10     | Entered Level 10 of the Dungeon
 13322 | D:10     | Identified a cursed +3 trident
 13322 | D:10     | Identified a +0 robe
 13323 | D:10     | Identified a +0 dire flail
 13323 | D:10     | Identified a +0 robe
 13323 | D:10     | Identified a +0 mace
 13323 | D:10     | Identified a +0 robe
 13325 | D:10     | Reached skill level 5 in Hexes
 13390 | D:10     | Noticed an elephant
 13428 | D:10     | Identified a +0 spear
 13428 | D:10     | Identified a +0 falchion
 13451 | D:10     | Found a flagged portal.
 13623 | Bailey   | Entered a bailey
 13624 | Bailey   | Identified a +0 arbalest
 13624 | Bailey   | Identified a +0 scale mail
 13626 | Bailey   | Identified a +0 arbalest
 13626 | Bailey   | Identified a +0 ring mail
 13630 | Bailey   | Identified a +0 arbalest
 13630 | Bailey   | Identified a +0 scale mail
 13630 | Bailey   | Identified a +0 arbalest
 13630 | Bailey   | Identified a +0 ring mail
 13643 | Bailey   | Learned a level 1 spell: Apportation
 13674 | Bailey   | Reached skill level 6 in Hexes
 13890 | Bailey   | Identified a +0 arbalest
 13890 | Bailey   | Identified a +0 ring mail
 13893 | Bailey   | Identified a +0 arbalest
 13893 | Bailey   | Identified a +0 ring mail
 13895 | Bailey   | Identified a +0 arbalest
 13895 | Bailey   | Identified a +0 ring mail
 13896 | Bailey   | Identified a +0 arbalest
 13896 | Bailey   | Identified a +0 ring mail
 13966 | Bailey   | Identified a +0 arbalest
 13966 | Bailey   | Identified a +0 ring mail
 13968 | Bailey   | Identified a +0 arbalest
 13968 | Bailey   | Identified a +0 scale mail
 13969 | Bailey   | Identified a cursed -2 arbalest
 13969 | Bailey   | Identified a +0 ring mail
 13969 | Bailey   | Identified a +0 arbalest
 13969 | Bailey   | Identified a +0 ring mail
 14116 | Bailey   | Identified a +0 arbalest
 14116 | Bailey   | Identified a +0 scale mail
 14118 | Bailey   | Identified a +0 arbalest
 14118 | Bailey   | Identified a +0 scale mail
 14119 | Bailey   | Identified a +0 arbalest
 14119 | Bailey   | Identified a +0 scale mail
 14119 | Bailey   | Identified a +0 arbalest
 14119 | Bailey   | Identified a +0 ring mail
 14219 | Bailey   | Identified a +0 halberd
 14219 | Bailey   | Identified a +0 plate armour
 14226 | Bailey   | Reached skill level 7 in Hexes
 14231 | Bailey   | Identified a +0 trident
 14231 | Bailey   | Identified a +0 scale mail
 14320 | Bailey   | Identified a +0 bardiche
 14320 | Bailey   | Identified a +0 chain mail
 14322 | Bailey   | Identified a +0 halberd
 14322 | Bailey   | Identified a +0 chain mail
 14475 | Bailey   | Identified a +0 halberd
 14475 | Bailey   | Identified a +0 chain mail
 14528 | Bailey   | Identified a +0 glaive
 14528 | Bailey   | Identified a +0 ring mail
 14644 | Bailey   | Identified a +2 bardiche of freezing
 14644 | Bailey   | Identified a +0 scale mail
 14650 | Bailey   | Identified a +0 halberd
 14650 | Bailey   | Identified a +0 ring mail
 14654 | Bailey   | Identified a +1 bardiche of freezing
 14654 | Bailey   | Identified a +0 chain mail
 14699 | Bailey   | Identified a +0 glaive
 14699 | Bailey   | Identified a +0 ring mail
 14699 | Bailey   | Noticed an orc knight
 14705 | Bailey   | Killed an orc knight
 14705 | Bailey   | Reached skill level 8 in Hexes
 14848 | D:10     | Identified a +0 battleaxe
 14848 | D:10     | Identified a +0 robe
 14862 | D:10     | Reached skill level 1 in Armour
 14869 | D:10     | Reached skill level 2 in Armour
 14997 | D:10     | Killed an elephant
 14997 | D:10     | Reached skill level 3 in Armour
 15054 | D:10     | Identified a +0 giant spiked club
 15054 | D:10     | Identified a +0 giant club
 15054 | D:10     | Noticed a two-headed ogre
 15054 | D:10     | Identified a +0 club
 15054 | D:10     | Identified a +0 dagger
 15054 | D:10     | Identified a +0 club
 15054 | D:10     | Identified a +0 dagger
 15055 | D:10     | Identified a +0 short sword
 15056 | D:10     | Identified a +0 club
 15066 | D:10     | Killed a two-headed ogre
 15066 | D:10     | Reached skill level 4 in Armour
 15068 | D:10     | Reached skill level 5 in Armour
 15071 | D:10     | Identified a +0 giant club
 15167 | D:10     | Identified a potion of lignification
 15221 | D:10     | Identified a ring of protection from magic (You found it on
                  | level 10 of the Dungeon)
 15247 | D:10     | Identified a +0 rapier
 15275 | D:10     | Found a staircase to the Lair.
 15287 | D:10     | Reached XP level 12. HP: 76/76 MP: 22/26
 15334 | D:10     | Identified 2 potions of brilliance
 15335 | D:10     | Identified 4 scrolls of enchant weapon
 15475 | D:11     | Reached skill level 6 in Armour
 15528 | D:11     | Identified 2 scrolls of immolation
 15531 | D:11     | Identified a +0 mace
 15531 | D:11     | Identified a +0 glaive
 15531 | D:11     | Identified a +3 leather armour
 15531 | D:11     | Identified a +0 dagger
 15531 | D:11     | Identified a +0 robe
 15531 | D:11     | Identified a +0 dagger
 15531 | D:11     | Identified a +0 whip
 15531 | D:11     | Identified a +0 dagger
 15531 | D:11     | Identified a +0 short sword
 15531 | D:11     | Identified a +0 club
 15532 | D:11     | Identified a +0 dagger
 15532 | D:11     | Identified a +0 robe
 15532 | D:11     | Identified a +0 club
 15533 | D:11     | Identified a +0 dagger
 15533 | D:11     | Identified a +0 dagger
 15629 | D:11     | Identified a +0 shortbow
 15629 | D:11     | Identified a +0 shortbow
 15629 | D:11     | Identified a +0 shortbow
 15629 | D:11     | Identified a +0 shortbow
 15739 | D:11     | Identified a +0 ring mail
 15742 | D:11     | Identified a +0 club
 15742 | D:11     | Identified a +3 leather armour
 15742 | D:11     | Identified a +0 dagger
 15742 | D:11     | Identified a +0 robe
 15742 | D:11     | Identified a +0 club
 15742 | D:11     | Noticed an unseen horror
 15745 | D:11     | Reached skill level 7 in Armour
 15746 | D:11     | Killed an unseen horror
 15768 | D:11     | Identified 2 scrolls of fear
 15796 | D:11     | Identified a +0 flail
 15796 | D:11     | Identified a +0 leather armour
 15798 | D:11     | Identified a +0 falchion
 15798 | D:11     | Identified a +0 chain mail
 15829 | D:11     | Identified a cursed -3 falchion
 15829 | D:11     | Identified a +0 hand axe
 15829 | D:11     | Identified a +0 club
 15829 | D:11     | Identified a +0 chain mail
 15830 | D:11     | Identified a +0 trident
 15830 | D:11     | Identified a +0 scale mail
 15903 | D:11     | Identified a +1 dagger of holy wrath
 15903 | D:11     | Identified a +0 robe
 15905 | D:11     | Identified a +0 dagger of protection
 15905 | D:11     | Identified a +0 robe
 15907 | D:11     | Identified a +0 hand axe
 15907 | D:11     | Identified a cursed +0 leather armour
 15909 | D:11     | Identified a +0 mace
 15948 | D:11     | Identified a potion of ambrosia
 15973 | D:11     | Identified a +0 shortbow
 15973 | D:11     | Identified a +0 shortbow
 15976 | D:11     | Identified a +0 shortbow
 15976 | D:11     | Identified a +0 shortbow
 15978 | D:11     | Identified a cursed -3 shortbow
 15982 | D:11     | Reached skill level 8 in Armour
 16079 | D:11     | Identified a scroll of acquirement
 16133 | D:11     | Identified a ring of wizardry (You found it on level 11 of
                  | the Dungeon)
 16211 | D:11     | Reached skill level 9 in Armour
 16376 | D:11     | Identified a +1 pair of boots (You found it on level 11 of
                  | the Dungeon)
 16596 | D:12     | Identified a +0 flail
 16600 | D:12     | Identified a +0 dagger
 16600 | D:12     | Identified a +0 robe
 16600 | D:12     | Identified a +0 hand axe
 16600 | D:12     | Identified a +0 ring mail
 16601 | D:12     | Identified a +0 club
 16602 | D:12     | Identified a cursed -2 flail
 16602 | D:12     | Identified a +0 chain mail
 16605 | D:12     | Identified a +0 hand axe
 16606 | D:12     | Identified a +0 dagger
 16606 | D:12     | Identified a cursed +0 robe
 16607 | D:12     | Identified a +0 trident
 16609 | D:12     | Identified a +0 dagger
 16609 | D:12     | Identified a +0 robe
 16611 | D:12     | Identified a +0 dagger
 16611 | D:12     | Identified a cursed +0 robe
 16612 | D:12     | Identified a +0 short sword
 16612 | D:12     | Identified a cursed +0 leather armour
 16612 | D:12     | Identified a +0 hand axe
 16613 | D:12     | Identified a +0 dagger
 16613 | D:12     | Identified a +0 robe
 16625 | D:12     | Identified a +0 giant club
 16625 | D:12     | Identified a +0 giant spiked club
 16625 | D:12     | Noticed a two-headed ogre
 16625 | D:12     | Identified a +0 short sword
 16627 | D:12     | Identified a +0 club
 16627 | D:12     | Identified a +0 scale mail
 16629 | D:12     | Identified a +0 flail
 16630 | D:12     | Identified a +0 chain mail
 16630 | D:12     | Identified a +0 mace
 16635 | D:12     | Identified a cursed -2 mace
 16646 | D:12     | Killed a two-headed ogre
 16647 | D:12     | Identified a +0 whip
 16647 | D:12     | Identified a +0 ring mail
 16648 | D:12     | Identified a +0 flail
 16648 | D:12     | Identified a +0 leather armour
 16659 | D:12     | Identified a +0 club
 16685 | D:12     | Identified a +0 club
 16702 | D:12     | Identified a +0 hand axe of venom
 16702 | D:12     | Identified a +0 leather armour
 16706 | D:12     | Identified a cursed -1 club
 16706 | D:12     | Identified a +0 ring mail
 16710 | D:12     | Identified a +0 whip
 16710 | D:12     | Identified a +0 chain mail
 16715 | D:12     | Found a staircase to the Orcish Mines.
 16715 | D:12     | Identified a +2 leather armour of cold resistance
 16718 | D:12     | Identified a +0 club
 16725 | D:12     | Identified a +0 dagger
 16763 | D:12     | Reached skill level 10 in Armour
 16976 | D:12     | Identified a ring of evasion (You found it on level 12 of
                  | the Dungeon)
 17121 | D:12     | Identified a +0 long sword
 17121 | D:12     | Identified a +0 leather armour
 17121 | D:12     | Identified a +0 rapier
 17121 | D:12     | Identified a +0 short sword
 17121 | D:12     | Identified a +0 ring mail
 17122 | D:12     | Identified a +0 dagger
 17122 | D:12     | Identified a +2 long sword of draining
 17122 | D:12     | Identified a +0 long sword
 17123 | D:12     | Identified a +0 long sword
 17124 | D:12     | Identified a +0 rapier
 17124 | D:12     | Identified a +0 scale mail
 17130 | D:12     | Reached skill level 11 in Armour
 17134 | D:12     | HP: 9/76 [deep elf mage/bolt of negative energy (24)]
 17137 | D:12     | Identified a +0 trident
 17139 | D:12     | Noticed a sun demon
 17147 | D:12     | Reached XP level 13. HP: 56/81 MP: 8/27
 17148 | D:12     | Reached skill level 12 in Armour
 17155 | D:12     | HP: 19/81 [fire elemental[a deep elf mage] (6)]
 17160 | D:12     | Identified a +0 dagger
 17477 | D:12     | You fall through a shaft!
 17482 | D:13     | Reached skill level 1 in Fighting
 17518 | D:13     | Found Clufead's Commerce Corner.
 17531 | D:13     | Reached skill level 2 in Fighting
 17534 | D:13     | Reached skill level 3 in Fighting
 17643 | D:13     | Identified a +0 shortbow
 17651 | D:13     | Reached skill level 4 in Fighting
 18006 | D:13     | Reached skill level 5 in Fighting
 18056 | D:13     | Identified a +0 dagger of draining
 18056 | D:13     | Identified a +0 blowgun
 18056 | D:13     | Noticed Sonja
 18056 | D:13     | Identified a +0 rapier
 18056 | D:13     | Identified a +0 ring mail
 18065 | D:13     | Killed Sonja
 18065 | D:13     | Reached skill level 6 in Fighting
 18069 | D:13     | Identified a +0 giant club
 18182 | D:13     | Reached skill level 7 in Fighting
 18472 | D:13     | Identified a +0 longbow
 18472 | D:13     | Noticed a centaur warrior
 18474 | D:13     | Identified a +0 giant club
 18478 | D:13     | Killed a centaur warrior
 18589 | D:13     | Identified a +0 flail
 18597 | D:13     | Identified a +0 chain mail
 18597 | D:13     | Identified a +0 dagger
 18597 | D:13     | Identified a +0 robe
 18644 | D:13     | Identified a +0 shortbow
 18644 | D:13     | Noticed a centaur warrior
 18647 | D:13     | Identified a +0 longbow
 18647 | D:13     | Noticed a centaur warrior
 18653 | D:13     | Killed a centaur warrior
 18653 | D:13     | Reached skill level 8 in Fighting
 18653 | D:13     | Killed a centaur warrior
 18685 | D:13     | Reached skill level 9 in Fighting
 18826 | D:13     | Found Lum Jat's Food Emporium.
 18835 | D:13     | Bought a ration for 65 gold pieces
 18835 | D:13     | Bought a ration for 65 gold pieces
 18835 | D:13     | Bought a ration for 65 gold pieces
 19321 | D:12     | Found Jaoq's General Store.
 19523 | D:11     | Bought a book of Burglary for 900 gold pieces
 19527 | D:11     | Learned a level 2 spell: Passwall
 19530 | D:11     | Learned a level 2 spell: Swiftness
 19537 | D:11     | Learned a level 6 spell: Invisibility
 19542 | D:11     | Learned a level 4 spell: Passage of Golubria
 19542 | D:11     | Identified 3 scrolls of silence
 19585 | D:14     | Identified a +0 whip of electrocution
 19585 | D:14     | Identified a cursed -2 robe
 19585 | D:14     | Noticed a rakshasa
 19609 | D:14     | Identified a +5 flail
 19609 | D:14     | Identified a +0 robe
 19611 | D:14     | Identified a +0 hand axe
 19611 | D:14     | Identified a +0 robe
 19611 | D:14     | Identified a cursed +2 hand axe
 19611 | D:14     | Identified a +0 robe
 19622 | D:14     | Identified a +0 shortbow of flaming
 19641 | D:14     | Reached skill level 10 in Fighting
 19646 | D:14     | Identified a +0 shortbow
 19650 | D:14     | Identified a cursed +0 shortbow
 19749 | D:14     | Identified a +0 shortbow
 19771 | D:14     | Identified a +0 giant spiked club
 19792 | D:14     | Identified a +0 war axe
 19792 | D:14     | Identified a +0 shortbow
 19792 | D:14     | Noticed a centaur warrior
 19803 | D:14     | Killed a centaur warrior
 19803 | D:14     | Reached skill level 9 in Hexes
 19803 | D:14     | Reached XP level 14. HP: 106/113 MP: 25/28
 19891 | D:14     | Identified a +0 battleaxe
 19891 | D:14     | Identified a +0 chain mail
 19891 | D:14     | Identified a +0 shortbow
 19891 | D:14     | Identified an uncursed ring of magical power
 19892 | D:14     | Identified a +3 long sword of holy wrath
 19892 | D:14     | Identified a +0 chain mail
 19892 | D:14     | Identified a +0 shield
 19893 | D:14     | Identified a +0 great mace
 19893 | D:14     | Identified a +0 plate armour of fire resistance
 19913 | D:14     | Reached skill level 10 in Hexes
 19979 | D:14     | Identified a +0 shortbow
 20173 | D:14     | Identified a +0 great sword
 20173 | D:14     | Identified a +0 plate armour
 20205 | D:14     | Found a gate to the Vaults.
 20229 | D:14     | Identified 3 scrolls of amnesia
 20237 | D:14     | Reached skill level 11 in Hexes
 20645 | D:14     | Identified a potion of berserk rage
 20763 | D:14     | Found a sparkling altar of Nemelex Xobeh.
 20813 | D:14     | Identified a +1 great mace
 20813 | D:14     | Identified a +0 ring mail
 20821 | D:14     | Reached skill level 12 in Hexes
 21018 | D:14     | Identified a potion of magic
 21143 | D:14     | Identified a +0 shortbow
 21279 | D:14     | Identified a +0 shortbow
 21416 | D:14     | Reached skill level 13 in Hexes
 21427 | D:14     | Found a basalt altar of Yredelemnul.
 21522 | D:15     | Entered Level 15 of the Dungeon
 21523 | D:15     | Found Dempuronu's Gadget Boutique.
 21533 | D:15     | Reached skill level 1 in Earth Magic
 21541 | D:15     | Learned a level 5 spell: Lee's Rapid Deconstruction
 21624 | D:15     | Found Saidd's Assorted Antiques.
 21627 | D:15     | Found a shimmering altar of Xom.
 21636 | D:15     | Reached skill level 2 in Earth Magic
 21674 | D:15     | Reached skill level 3 in Earth Magic
 21678 | D:15     | Identified a +0 morningstar
 21774 | D:15     | Identified a +0 shortbow
 21788 | D:15     | Reached skill level 4 in Earth Magic
 21931 | D:15     | Identified a +0 giant spiked club
 21933 | D:15     | Identified a +0 dire flail
 21933 | D:15     | Identified a +0 giant club
 21933 | D:15     | Identified a +0 giant club
 21933 | D:15     | Identified a +0 giant club
 21934 | D:15     | Identified a +0 giant spiked club
 21934 | D:15     | Identified a +0 giant club
 21936 | D:15     | Identified a +0 club
 21936 | D:15     | Identified a +0 robe
 21937 | D:15     | Identified a +0 giant club
 21937 | D:15     | Identified a +0 giant club
 21938 | D:15     | Identified a +0 giant club
 21938 | D:15     | Identified a +0 giant club
 21951 | D:15     | Reached skill level 5 in Earth Magic
 21965 | D:15     | Reached skill level 6 in Earth Magic
 22000 | D:15     | Identified a +0 rapier
 22008 | D:15     | Reached skill level 7 in Earth Magic
 22204 | D:15     | Found Ibaunnow's Gadget Shop.
 22302 | D:15     | Reached skill level 8 in Earth Magic
 22507 | D:15     | Reached XP level 15. HP: 95/118 MP: 20/29
 22602 | D:15     | Found Dewkiuc's General Store.
 22603 | D:15     | Found Touphur's Assorted Antiques.
 22653 | D:15     | Identified a potion of agility
 22750 | D:15     | Reached skill level 9 in Earth Magic
 22888 | D:15     | Identified 2 scrolls of noise
 22982 | D:15     | Found a staircase to the Depths.
 23127 | D:11     | Bought a book of Annihilations for 1324 gold pieces
 23159 | Orc:1    | Entered Level 1 of the Orcish Mines
 23163 | Orc:1    | Identified a +0 giant club
 23194 | Orc:1    | Identified a +0 giant club
 23195 | Orc:1    | Identified a +0 dagger
 23195 | Orc:1    | Identified a +0 robe
 23197 | Orc:1    | Identified a +0 mace
 23197 | Orc:1    | Identified a +0 leather armour
 23197 | Orc:1    | Identified a +0 dagger
 23197 | Orc:1    | Identified a +0 robe
 23197 | Orc:1    | Identified a +0 halberd
 23197 | Orc:1    | Identified a +0 plate armour
 23200 | Orc:1    | Identified a +0 dagger
 23201 | Orc:1    | Identified a +1 dagger of venom
 23201 | Orc:1    | Identified a +0 robe
 23203 | Orc:1    | Identified a +0 mace
 23206 | Orc:1    | Identified a +0 short sword
 23206 | Orc:1    | Identified a +0 chain mail
 23262 | Orc:1    | Identified a +0 giant club
 23274 | Orc:1    | Identified a +0 giant club
 23276 | Orc:1    | Identified a +0 flail
 23276 | Orc:1    | Identified a +0 chain mail
 23280 | Orc:1    | Identified a +0 flail
 23280 | Orc:1    | Identified a +0 leather armour
 23281 | Orc:1    | Identified a +0 flail
 23283 | Orc:1    | Identified a +0 club
 23288 | Orc:1    | Identified a +0 dagger
 23288 | Orc:1    | Identified a +0 robe
 23480 | Orc:1    | Identified a +2 great mace of crushing
 23480 | Orc:1    | Identified a +0 scale mail
 23480 | Orc:1    | Noticed Urug
 23498 | Orc:1    | Killed Urug
 23498 | Orc:1    | Reached skill level 1 in Conjurations
 23554 | Orc:1    | Identified a +0 hand axe
 23554 | Orc:1    | Identified a +0 leather armour
 23555 | Orc:1    | Identified a +0 scimitar
 23555 | Orc:1    | Identified a +0 plate armour
 23558 | Orc:1    | Identified a +0 club
 23558 | Orc:1    | Identified a +0 leather armour
 23564 | Orc:1    | Reached skill level 10 in Earth Magic
 23708 | Orc:1    | Identified a +3 scimitar of flaming
 23708 | Orc:1    | Identified a +1 robe of cold resistance
 23708 | Orc:1    | Noticed Erica
 23716 | Orc:1    | Killed Erica
 23716 | Orc:1    | Reached skill level 2 in Conjurations
 23797 | Orc:1    | Identified a +0 giant club
 23932 | Orc:2    | Entered Level 2 of the Orcish Mines
 23932 | Orc:2    | Found a deep blue altar of Sif Muna.
 23932 | Orc:2    | Identified a +0 giant club
 23932 | Orc:2    | Identified a +0 flail
 23932 | Orc:2    | Identified a +0 chain mail
 23932 | Orc:2    | Identified a +0 falchion
 23932 | Orc:2    | Identified a +0 ring mail
 23932 | Orc:2    | Identified a +0 dagger
 23933 | Orc:2    | Identified 2 scrolls of random uselessness
 23936 | Orc:2    | Noticed a stone giant
 23939 | Orc:2    | Identified a +0 flail
 23939 | Orc:2    | Identified a +0 chain mail
 23942 | Orc:2    | Identified a +0 giant spiked club
 23945 | Orc:2    | Identified a +0 war axe
 23945 | Orc:2    | Identified a +0 chain mail
 23945 | Orc:2    | Identified a +0 dagger
 23945 | Orc:2    | Identified a +2 robe of magic resistance
 23945 | Orc:2    | Identified a +0 whip
 23945 | Orc:2    | Identified a +0 giant club
 23946 | Orc:2    | Identified a +0 dagger
 23949 | Orc:2    | Identified a +0 war axe
 23949 | Orc:2    | Identified a cursed +0 dagger
 23950 | Orc:2    | Identified a +0 trident
 23950 | Orc:2    | Identified a +0 short sword
 23950 | Orc:2    | Identified a +0 ring mail
 23950 | Orc:2    | Identified a cursed -3 giant club
 23950 | Orc:2    | Identified a +0 giant spiked club
 23951 | Orc:2    | Identified a +0 giant club
 23951 | Orc:2    | Identified a +0 flail
 23952 | Orc:2    | Identified a +0 short sword
 23952 | Orc:2    | Identified a +0 short sword
 23952 | Orc:2    | Identified a cursed -1 plate armour
 23952 | Orc:2    | Identified a +0 club
 23952 | Orc:2    | Identified a +0 battleaxe
 23952 | Orc:2    | Identified a +0 chain mail
 23953 | Orc:2    | Reached skill level 3 in Conjurations
 23953 | Orc:2    | Identified a +0 giant club
 23954 | Orc:2    | Identified a +0 war axe
 23954 | Orc:2    | Identified a +0 chain mail
 23954 | Orc:2    | Identified a +0 giant club
 23954 | Orc:2    | Identified a +0 club
 23954 | Orc:2    | Identified a +0 dagger of venom
 23954 | Orc:2    | Identified a +0 club
 23955 | Orc:2    | Identified a +0 dagger
 23955 | Orc:2    | Identified a +0 robe
 23955 | Orc:2    | Identified a +0 giant club
 23955 | Orc:2    | Identified a +0 whip
 23956 | Orc:2    | Identified a +0 great sword
 23956 | Orc:2    | Identified a +0 plate armour
 23956 | Orc:2    | Identified a +0 giant club
 23956 | Orc:2    | Identified a +0 dagger
 23956 | Orc:2    | Identified a +0 robe
 23956 | Orc:2    | Identified a +0 great mace
 23956 | Orc:2    | Identified a +0 giant spiked club
 23956 | Orc:2    | Identified a +0 giant spiked club
 23956 | Orc:2    | Identified a +0 trident
 23956 | Orc:2    | Identified a +0 chain mail
 23956 | Orc:2    | Identified a +1 war axe of electrocution
 23956 | Orc:2    | Identified a +0 chain mail
 23956 | Orc:2    | Identified a +0 flail
 23956 | Orc:2    | Identified a +0 plate armour
 23957 | Orc:2    | Identified a cursed -1 giant club
 23957 | Orc:2    | Identified a +0 giant club
 23957 | Orc:2    | Identified a +0 flail
 23957 | Orc:2    | Identified a +0 chain mail
 23957 | Orc:2    | Identified a +5 great mace of protection
 23957 | Orc:2    | Identified a +0 scale mail
 23957 | Orc:2    | Noticed Rupert
 23958 | Orc:2    | Identified a +0 giant spiked club
 23958 | Orc:2    | Identified a +0 giant club
 23958 | Orc:2    | Identified a +0 giant club
 23958 | Orc:2    | Identified a +0 giant club
 23958 | Orc:2    | Identified a +0 giant spiked club
 23959 | Orc:2    | Identified a +0 whip
 23959 | Orc:2    | Identified a +0 robe
 23960 | Orc:2    | Identified a +0 hand axe
 23961 | Orc:2    | Identified a +0 giant club
 23961 | Orc:2    | Identified a +0 trident
 23962 | Orc:2    | Identified a +0 giant club
 23963 | Orc:2    | Identified a +0 giant club
 23963 | Orc:2    | Identified a +0 giant club
 23963 | Orc:2    | Identified a +0 dagger
 23964 | Orc:2    | Identified a +0 short sword
 23964 | Orc:2    | Identified a +0 chain mail
 23964 | Orc:2    | Identified a +0 giant club
 23964 | Orc:2    | Identified a +0 giant club
 23964 | Orc:2    | Identified a +0 short sword
 23965 | Orc:2    | Identified a +0 giant club
 23965 | Orc:2    | Identified a +0 giant club
 23965 | Orc:2    | Identified a +0 giant spiked club
 23965 | Orc:2    | Identified a +0 dagger
 23966 | Orc:2    | Reached skill level 4 in Conjurations
 23966 | Orc:2    | Identified a +0 giant spiked club
 23967 | Orc:2    | Reached skill level 5 in Conjurations
 23967 | Orc:2    | Reached skill level 6 in Conjurations
 23967 | Orc:2    | Reached skill level 7 in Conjurations
 23968 | Orc:2    | Reached skill level 8 in Conjurations
 23973 | Orc:2    | Killed Rupert
 23973 | Orc:2    | Killed a stone giant
 24030 | Orc:2    | Identified a +0 halberd (You took it off an ogre mage on
                  | level 2 of the Orcish Mines)
 24030 | Orc:2    | Identified a +0 robe (You took it off an ogre mage on level
                  | 2 of the Orcish Mines)
 24034 | Orc:2    | Identified 2 scrolls of magic mapping
 24039 | Orc:2    | Found a flickering gateway to a bazaar.
 24303 | Orc:2    | Found a staircase to the Elven Halls.
 24337 | Orc:2    | Found Jinoorarurch's Armour Shoppe.
 24408 | Orc:2    | Found Vewumuly's Weapon Emporium.
 24417 | Orc:2    | Found Toykle's Book Shop.
 24490 | Bazaar   | Entered a bazaar
 24504 | Bazaar   | Found Gamerig's General Store.
 24504 | Bazaar   | Found Lextis's Gadget Shoppe.
 24525 | Bazaar   | Found Jiaw's Book Emporium.
 24525 | Bazaar   | Found Mivydyna's General Store.
 24529 | Bazaar   | Bought a scroll of magic mapping for 63 gold pieces
 24571 | Bazaar   | Bought the +3 scale mail of Oroic {*Contam Str+4 Slay+3}
                  | for 414 gold pieces
 24657 | Bazaar   | Found Idghourch's Magic Scroll Emporium.
 24657 | Bazaar   | Found Anwupnas's Distillery.
 24661 | Bazaar   | Bought a potion of magic for 64 gold pieces
 24661 | Bazaar   | Bought a potion of curing for 24 gold pieces
 24661 | Bazaar   | Bought a potion of curing for 24 gold pieces
 24661 | Bazaar   | Bought a potion of heal wounds for 40 gold pieces
 24812 | Orc:2    | Identified a +0 dagger
 24812 | Orc:2    | Identified a +0 robe
 24812 | Orc:2    | Identified a +0 hand axe
 24869 | Orc:2    | Found Cogumyeh's Book Emporium.
 24920 | Orc:2    | Bought a book of Battle for 600 gold pieces
 24926 | Orc:2    | Learned a level 3 spell: Spectral Weapon
 24961 | Orc:2    | Identified a +0 dagger
 24961 | Orc:2    | Identified a cursed +0 robe
 24961 | Orc:2    | Identified a +0 dagger
 24961 | Orc:2    | Identified a +0 robe
 25035 | Elf:1    | Entered Level 1 of the Elven Halls
 25035 | Elf:1    | Identified a +3 mace of holy wrath
 25035 | Elf:1    | Identified a +0 rapier
 25035 | Elf:1    | Identified a +0 scale mail
 25119 | Elf:1    | Identified a ring of see invisible (You found it on level 1
                  | of the Elven Halls)
 25134 | Elf:1    | Identified a +0 short sword
 25134 | Elf:1    | Identified a +0 shortbow
 25141 | Elf:1    | Reached XP level 16. HP: 75/125 MP: 30/30
 25351 | Elf:1    | Identified a +0 dagger
 25351 | Elf:1    | Identified a +0 short sword
 25351 | Elf:1    | Identified a +0 ring mail
 25353 | Elf:1    | Identified a +0 dagger
 25358 | Elf:1    | Identified a +0 long sword
 25358 | Elf:1    | Identified a +0 scale mail
 25360 | Elf:1    | Identified a +0 short sword
 25378 | Elf:1    | Identified a cursed +0 dagger
 25378 | Elf:1    | Identified a +0 leather armour
 25386 | Elf:1    | Identified a +0 rapier
 25449 | Elf:1    | Identified a +0 dagger
 25582 | Elf:1    | Identified a +0 dagger of draining
 25582 | Elf:1    | Identified a +0 shortbow
 25582 | Elf:1    | Identified a +0 leather armour
 25593 | Elf:1    | Reached skill level 11 in Polearms
 25711 | Elf:1    | Identified a +4 short sword of holy wrath
 25782 | Elf:1    | Identified a +0 long sword
 25834 | Elf:1    | Identified a +0 dagger of venom
 25834 | Elf:1    | Identified a +0 shortbow
 25834 | Elf:1    | Identified a +0 leather armour
 25897 | Elf:1    | Identified a +0 pair of gloves (You found it on level 1 of
                  | the Elven Halls)
 25903 | Elf:1    | Found Yxotiuj's Assorted Antiques.
 25963 | Elf:1    | Identified a +0 short sword of flaming
 25963 | Elf:1    | Identified a +2 long sword of slicing
 26062 | Elf:1    | Identified a +0 long sword of slicing
 26062 | Elf:1    | Identified a +0 leather armour
 26100 | Elf:1    | Identified a +0 long sword
 26164 | Elf:1    | Identified a +1 vampiric short sword
 26164 | Elf:1    | Identified a cursed +0 ring mail
 26339 | Elf:1    | Identified a +0 dagger
 26339 | Elf:1    | Identified a +0 shortbow
 26339 | Elf:1    | Identified a +0 leather armour
 26556 | Elf:2    | Identified a scroll of vulnerability
 26650 | Elf:2    | Identified a +1 long sword of distortion
 26650 | Elf:2    | Identified a +0 ring mail
 26689 | Elf:2    | Identified a +0 long sword
 26752 | Elf:2    | Found Ylihed's Gadget Boutique.
 26780 | Elf:2    | Identified a +1 morningstar of holy wrath
 26792 | Elf:2    | Reached skill level 12 in Polearms
 26990 | Elf:2    | Identified a +0 dagger
 26990 | Elf:2    | Identified a +1 halberd of holy wrath
 26990 | Elf:2    | Identified a +0 long sword
 26991 | Elf:2    | Identified a +0 short sword
 26991 | Elf:2    | Identified a +0 longbow
 26991 | Elf:2    | Identified a +0 leather armour
 27240 | Elf:2    | Identified a +0 long sword
 27240 | Elf:2    | Identified a +0 leather armour
 27411 | Elf:2    | Identified a +0 rapier
 27415 | Elf:2    | Identified a +5 dagger
 27459 | Elf:2    | Found a runed translucent gate.
 27459 | Elf:2    | Found a runed translucent gate.
 27459 | Elf:2    | Identified a +0 long sword
 27459 | Elf:2    | Identified a +0 leather armour
 27460 | Elf:2    | Identified a +0 falchion
 27478 | Elf:2    | Identified a +4 dagger
 27545 | Elf:2    | Found a runed translucent gate.
 27545 | Elf:2    | Identified a +8 dagger
 27608 | Elf:2    | Identified a +0 long sword
 27608 | Elf:2    | Identified a +0 leather armour
 27695 | Elf:3    | Entered Level 3 of the Elven Halls
 27710 | Elf:3    | Identified a +0 scimitar
 27710 | Elf:3    | Identified a +0 buckler
 27783 | Elf:3    | Found an ancient bone altar of Kikubaaqudgha.
 27819 | Elf:3    | Identified a +0 rapier
 27819 | Elf:3    | Identified a +0 chain mail
 27917 | Elf:3    | Identified a +0 long sword
 27917 | Elf:3    | Identified a +0 leather armour
 27920 | Elf:3    | Reached skill level 13 in Polearms
 27953 | Elf:3    | Identified a +6 short sword of protection
 28024 | Elf:3    | Identified a +0 dagger
 28066 | Elf:3    | Identified a +0 rapier
 28067 | Elf:3    | Identified a +2 long sword of holy wrath
 28067 | Elf:3    | Identified a +0 buckler
 28068 | Elf:3    | Identified a +4 short sword of venom
 28069 | Elf:3    | Identified a +0 short sword
 28069 | Elf:3    | Identified a +0 shortbow
 28069 | Elf:3    | Identified a +0 leather armour
 28136 | Elf:3    | Identified a +0 short sword
 28136 | Elf:3    | Identified a +0 ring mail
 28139 | Elf:3    | Identified a +6 morningstar of flaming
 28319 | Elf:3    | Identified a +0 rapier
 28319 | Elf:3    | Identified a +0 leather armour
 28340 | Elf:3    | Identified a +0 short sword
 28340 | Elf:3    | Identified a +0 shortbow
 28340 | Elf:3    | Identified a +0 leather armour
 28508 | Elf:3    | Identified a +0 short sword
 28508 | Elf:3    | Identified a +0 longbow
 28508 | Elf:3    | Identified a +0 leather armour
 28580 | Elf:3    | Identified a +0 dagger
 28580 | Elf:3    | Identified a +0 shortbow
 28580 | Elf:3    | Identified a +0 leather armour
 28581 | Elf:3    | Identified a +0 dagger
 28581 | Elf:3    | Identified a -2 longbow
 28581 | Elf:3    | Identified a cursed +0 leather armour
 28581 | Elf:3    | Identified a +0 rapier
 28581 | Elf:3    | Identified a +0 long sword
 28581 | Elf:3    | Identified a +0 long sword
 28581 | Elf:3    | Identified a +0 chain mail
 28713 | Elf:3    | Identified a cursed +0 long sword
 28713 | Elf:3    | Identified a +0 ring mail
 28745 | Elf:3    | Identified a +0 long sword
 28745 | Elf:3    | Identified a +0 leather armour
 28813 | Elf:3    | Identified a +3 double sword of holy wrath
 28813 | Elf:3    | Identified a +0 chain mail
 28813 | Elf:3    | Identified a +0 shield
 28813 | Elf:3    | Noticed Donald
 28829 | Elf:3    | Killed Donald
 29035 | Elf:3    | Identified a +0 short sword
 29035 | Elf:3    | Identified a +0 longbow
 29035 | Elf:3    | Identified a +0 leather armour
 29036 | Elf:3    | Identified a +0 rapier
 29036 | Elf:3    | Identified a +0 scale mail
 29278 | Elf:3    | Identified a +0 long sword
 29278 | Elf:3    | Identified a +0 scale mail
 29281 | Elf:3    | Identified a +2 mace of protection
 29453 | Elf:3    | Identified a +0 long sword
 29453 | Elf:3    | Identified a +0 ring mail
 29453 | Elf:3    | Identified a +0 long sword
 29453 | Elf:3    | Identified a +0 leather armour
 29453 | Elf:3    | Identified a +0 short sword
 29453 | Elf:3    | Identified a +0 shortbow
 29453 | Elf:3    | Identified a +0 leather armour
 29460 | Elf:3    | Reached XP level 17. HP: 98/131 MP: 3/31
 29463 | Elf:3    | Identified a +0 short sword
 29472 | Elf:3    | Reached skill level 11 in Spellcasting
 29580 | Elf:3    | Identified a +0 scimitar
 29582 | Elf:3    | Identified a +2 rapier of electrocution
 29584 | Elf:3    | Identified a +0 dagger
 29584 | Elf:3    | Identified a +0 ring mail
 29586 | Elf:3    | Identified a +0 short sword
 29586 | Elf:3    | Identified a +0 scale mail
 29586 | Elf:3    | Identified a +0 dagger
 29586 | Elf:3    | Identified a +0 leather armour
 29586 | Elf:3    | Noticed a deep elf sorcerer
 29713 | Elf:1    | Identified a +0 short sword
 29713 | Elf:1    | Identified a +0 robe
 29829 | D:11     | Bought the Reference Book on Hurtful Malediction for 810
                  | gold pieces
 29873 | Lair:1   | Entered Level 1 of the Lair of Beasts
 30158 | Lair:1   | Identified a -1 spear
 30158 | Lair:1   | Identified a +0 animal skin
 30158 | Lair:1   | Noticed Grum
 30171 | Lair:1   | Killed Grum
 30847 | Lair:2   | Identified the +6 halberd of Chaos {freeze, +Inv Dex+3}
                  | (You found it on level 9 of the Dungeon)
 31175 | Lair:2   | Found a runed translucent gate.
 31176 | Lair:2   | Found a runed translucent gate.
 31176 | Lair:2   | Noticed Cogiutegg's ghost (journeyman HuAr)
 31177 | Lair:2   | Found a runed translucent gate.
 31260 | Lair:2   | Reached skill level 12 in Spellcasting
 31303 | Lair:2   | Found a gate leading to a gauntlet.
 31313 | Gauntlet | Entered a Gauntlet
 31313 | Gauntlet | Found a transporter.
 31313 | Gauntlet | Found a transporter.
 31313 | Gauntlet | Found a transporter.
 31339 | Gauntlet | Found a transporter.
 31343 | Gauntlet | Found a transporter.
 31357 | Gauntlet | Found a transporter.
 31358 | Gauntlet | Found a transporter.
 31367 | Gauntlet | Found a transporter.
 31384 | Gauntlet | Identified a cursed -3 dagger
 31384 | Gauntlet | Identified a +0 robe
 31388 | Gauntlet | Found a transporter.
 31391 | Gauntlet | Identified a +0 dagger
 31391 | Gauntlet | Identified a +0 robe
 31405 | Gauntlet | Found a transporter.
 31409 | Gauntlet | Found a transporter.
 31419 | Gauntlet | Found a transporter.
 31423 | Gauntlet | Identified a +0 demon trident
 31572 | Gauntlet | Identified a ring of protection from cold (You found it in
                  | a Gauntlet)
 31586 | Gauntlet | Identified a scarf of resistance (You found it in a
                  | Gauntlet)
 31591 | Gauntlet | Got a sparkling amber ring
 31593 | Gauntlet | Identified the ring of Dogma {Fire rElec rN+} (You found it
                  | in a Gauntlet)
 31603 | Gauntlet | Identified a +0 chain mail
 31645 | Gauntlet | Identified a scroll of brand weapon
 31646 | Gauntlet | Identified a +0 shield of protection (You found it on level
                  | 2 of the Lair of Beasts)
 31700 | Lair:2   | Gained mutation: Your body sometimes deteriorates upon
                  | taking damage. [mutagenic glow]
 31938 | Lair:2   | Identified a +1 morningstar of venom
 31943 | Lair:2   | Reached skill level 11 in Poison Magic
 31955 | Lair:2   | Bought a ration for 65 gold pieces
 31955 | Lair:2   | Bought a ration for 65 gold pieces
 31955 | Lair:2   | Bought a ration for 65 gold pieces
 31955 | Lair:2   | Bought a ration for 65 gold pieces
 31955 | Lair:2   | Bought a ration for 65 gold pieces
 32505 | Lair:2   | Killed Cogiutegg's ghost
 32621 | Lair:2   | Found a staircase to the Swamp.
 32807 | Lair:3   | Reached skill level 12 in Poison Magic
 32910 | Lair:3   | Reached skill level 14 in Polearms
 32913 | Lair:3   | Reached skill level 4 in Shields
 32919 | Lair:3   | Identified the Almanac of Venom and Bewitchment
 33060 | Lair:3   | Reached skill level 5 in Shields
 33924 | Lair:4   | Found a staircase to the Snake Pit.
 34011 | Lair:4   | Reached skill level 6 in Shields
 34096 | Lair:4   | Identified a +0 dagger
 34096 | Lair:4   | Identified a +0 robe
 34096 | Lair:4   | Noticed Nergalle
 34109 | Lair:4   | Killed Nergalle
 34582 | Lair:4   | Found a runed translucent gate.
 34583 | Lair:4   | Found a runed translucent gate.
 34584 | Lair:4   | Found a runed translucent gate.
 34586 | Lair:4   | Noticed Flugkiller's ghost (adept DrCK)
 34611 | Lair:4   | Reached skill level 7 in Shields
 34644 | Lair:5   | Found a runed translucent door.
 34644 | Lair:5   | Identified the +2 spear "Duadui Poih" {pierce, +Blink
                  | Int+8}
 34644 | Lair:5   | Noticed Houdghis's ghost (journeyman OpNe)
 34886 | Lair:5   | Reached skill level 8 in Shields
 35057 | Lair:5   | Reached skill level 9 in Shields
 35085 | Lair:5   | Learned a level 7 spell: Orb of Destruction
 35397 | Lair:5   | Reached skill level 9 in Conjurations
 35448 | Lair:5   | Identified a +2 spear of venom
 35448 | Lair:5   | Identified a +0 buckler
 35450 | Lair:5   | Identified a +0 spear
 36257 | Lair:5   | Killed Houdghis's ghost
 36257 | Lair:5   | Reached XP level 18. HP: 109/138 MP: 32/34
 36466 | Lair:6   | Entered Level 6 of the Lair of Beasts
 36653 | Lair:6   | Identified a ring of protection (You found it on level 6 of
                  | the Lair of Beasts)
 36806 | Lair:6   | Reached skill level 10 in Conjurations
 37300 | Lair:6   | Found a viscous altar of Jiyva.
 37300 | Lair:6   | Found a staircase to the Slime Pits.
 37420 | Lair:6   | HP: 27/138 [crocodile (13)]
 37720 | Lair:6   | Identified an amulet of rage (You found it on level 6 of
                  | the Lair of Beasts)
 38662 | Orc:2    | Bought a book of Enchantments for 750 gold pieces
 38855 | Swamp:1  | Entered Level 1 of the Swamp
 39048 | Swamp:1  | Reached skill level 11 in Conjurations
 39203 | Swamp:1  | Identified a +0 quarterstaff of crushing
 39203 | Swamp:1  | Identified a +2 robe of magic resistance
 39203 | Swamp:1  | Noticed Jorgrun
 39210 | Swamp:1  | Killed Jorgrun
 40361 | Swamp:2  | Reached skill level 12 in Conjurations
 40638 | Swamp:2  | HP: 32/138 [15-headed hydra (13)]
 41543 | Swamp:3  | Identified a +0 quarterstaff
 41543 | Swamp:3  | Identified a +0 robe
 41549 | Swamp:3  | Identified a +3 short sword
 41549 | Swamp:3  | Identified a +0 robe
 41549 | Swamp:3  | Identified a +0 buckler
 41550 | Swamp:3  | Identified a +0 short sword
 41550 | Swamp:3  | Identified a +0 robe
 41865 | Swamp:3  | Reached skill level 13 in Conjurations
 42226 | Swamp:3  | Identified the +4 trident of the Undead {pierce, rElec
                  | Str+2} (You found it on level 3 of the Swamp)
 42241 | Swamp:3  | Identified a ring of stealth (You found it on level 3 of
                  | the Swamp)
 42397 | Swamp:4  | Entered Level 4 of the Swamp
 43270 | Swamp:4  | Reached XP level 19. HP: 140/144 MP: 26/35
 43365 | Swamp:4  | Identified a cursed -3 quarterstaff
 43365 | Swamp:4  | Identified a +0 robe
 43375 | Swamp:4  | Identified a +0 quarterstaff
 43375 | Swamp:4  | Identified a +0 robe
 44254 | Swamp:4  | Identified a +2 long sword of slicing
 44254 | Swamp:4  | Noticed Kirke
 44265 | Swamp:4  | Reached skill level 14 in Conjurations
 44275 | Swamp:4  | Killed Kirke
 44389 | Swamp:4  | Got a decaying rune of Zot
 44406 | Swamp:4  | Identified a potion of invisibility
 44904 | Lair:4   | Killed Flugkiller's ghost
 45112 | D:11     | Bought a Necronomicon for 1324 gold pieces
 45270 | Vaults:1 | Entered Level 1 of the Vaults
 45279 | Vaults:1 | Identified a +0 dire flail
 45279 | Vaults:1 | Identified a +4 scale mail
 45368 | Vaults:1 | Identified a +0 morningstar
 45368 | Vaults:1 | Identified a +0 ring mail
 45370 | Vaults:1 | Identified a +0 giant spiked club
 45370 | Vaults:1 | Identified a +0 giant club
 45370 | Vaults:1 | Identified a +0 giant club
 45370 | Vaults:1 | Identified a +0 mace
 45370 | Vaults:1 | Identified a cursed +0 ring mail
 45375 | Vaults:1 | Identified a +0 giant club
 45383 | Vaults:1 | Identified a +0 spear
 45383 | Vaults:1 | Identified a +0 robe
 45385 | Vaults:1 | Identified a +0 giant spiked club
 45388 | Vaults:1 | Identified a +0 giant club
 45393 | Vaults:1 | Identified a +0 giant club
 45672 | Vaults:1 | Identified a +0 scimitar
 45672 | Vaults:1 | Identified a cursed +0 chain mail
 45672 | Vaults:1 | Identified a +0 halberd
 45672 | Vaults:1 | Identified a +0 chain mail
 45672 | Vaults:1 | Identified a +2 long sword of holy wrath
 45672 | Vaults:1 | Identified a +0 plate armour
 45675 | Vaults:1 | Identified a +0 short sword
 45675 | Vaults:1 | Identified a +0 chain mail
 45728 | Vaults:1 | Identified a +0 broad axe
 45728 | Vaults:1 | Identified a +0 chain mail
 45728 | Vaults:1 | Identified a +0 mace
 45728 | Vaults:1 | Identified a +0 chain mail
 45728 | Vaults:1 | Identified a +0 hand axe
 45728 | Vaults:1 | Identified a +0 chain mail
 45728 | Vaults:1 | Identified a +0 ring mail
 45730 | Vaults:1 | Identified a +0 dagger
 45730 | Vaults:1 | Identified a +0 ring mail
 45814 | Vaults:1 | Identified a ring of strength (You found it on level 1 of
                  | the Vaults)
 45903 | Vaults:1 | Identified a +0 dagger
 45903 | Vaults:1 | Identified a +0 robe
 45915 | Vaults:1 | Identified a +0 long sword
 45915 | Vaults:1 | Identified a +0 plate armour
 45915 | Vaults:1 | Identified a +0 long sword
 45915 | Vaults:1 | Identified a +0 plate armour
 45915 | Vaults:1 | Identified a +0 battleaxe
 45915 | Vaults:1 | Identified a +0 plate armour
 45915 | Vaults:1 | Identified a +0 battleaxe
 45915 | Vaults:1 | Identified a +0 chain mail
 45916 | Vaults:1 | Identified a +0 bardiche of chopping
 45916 | Vaults:1 | Identified a +0 plate armour
 45916 | Vaults:1 | Identified a +2 great sword
 45916 | Vaults:1 | Identified a +0 plate armour
 45920 | Vaults:1 | Identified a +0 battleaxe
 45920 | Vaults:1 | Identified a +0 plate armour
 46194 | Vaults:1 | Identified a +0 great sword
 46194 | Vaults:1 | Identified a +0 plate armour
 46241 | Vaults:1 | Identified a +0 spear
 46241 | Vaults:1 | Identified a +0 robe
 46248 | Vaults:1 | You fall through a shaft!
 46477 | Vaults:2 | Reached skill level 15 in Conjurations
 46679 | Vaults:2 | Identified a cursed +0 giant club
 46679 | Vaults:2 | Identified a +0 giant club
 46680 | Vaults:2 | Identified a +0 robe
 46680 | Vaults:2 | Identified a +1 morningstar of protection
 46680 | Vaults:2 | Identified a +0 ring mail
 46681 | Vaults:2 | Identified a +0 giant club
 46848 | Vaults:2 | Found a staircase to the Crypt.
 46848 | Vaults:2 | Found an ancient bone altar of Kikubaaqudgha.
 46849 | Vaults:2 | Found a basalt altar of Yredelemnul.
 46898 | Vaults:2 | Identified a +0 falchion
 46898 | Vaults:2 | Identified a +0 scale mail
 46946 | Vaults:2 | Identified a +0 dagger
 46946 | Vaults:2 | Identified a +0 longbow
 46946 | Vaults:2 | Identified a +0 leather armour
 47181 | Vaults:2 | Identified the +1 leather armour "Zeaps" {rElec rCorr Int+2
                  | Dex+4} (You found it on level 2 of the Vaults)
 47185 | Vaults:2 | Identified a cursed -2 spear
 47185 | Vaults:2 | Identified a +0 robe
 47185 | Vaults:2 | Identified a cursed -2 arbalest
 47185 | Vaults:2 | Identified a cursed -1 war axe
 47185 | Vaults:2 | Identified a +0 scale mail
 47187 | Vaults:2 | Identified a +0 great sword
 47187 | Vaults:2 | Identified a cursed +0 chain mail
 47388 | Vaults:2 | Identified a +0 long sword
 47389 | Vaults:2 | Identified a +0 mace
 47474 | Vaults:2 | Identified a +2 war axe of electrocution
 47475 | Vaults:2 | Identified a +0 mace
 47676 | Vaults:2 | Found Ruomoqil's Book Shop.
 47750 | Vaults:2 | Identified a +0 shortbow
 47750 | Vaults:2 | Identified a +0 shortbow
 47750 | Vaults:2 | Identified a +0 shortbow
 47751 | Vaults:2 | Identified a +0 shortbow
 47759 | Vaults:2 | Reached skill level 13 in Spellcasting
 48121 | Vaults:2 | Identified the +4 leather armour of Untruth {Str+3} (You
                  | found it on level 2 of the Vaults)
 48459 | Vaults:3 | Identified a +0 great mace
 48459 | Vaults:3 | Identified a +0 scale mail
 48491 | Vaults:3 | Identified a +0 long sword
 48549 | Vaults:3 | Identified a +0 great mace
 48549 | Vaults:3 | Identified a +0 leather armour
 48549 | Vaults:3 | Identified a +0 flail
 48549 | Vaults:3 | Identified a +0 robe
 48549 | Vaults:3 | Identified a +0 giant club
 48549 | Vaults:3 | Identified a +0 giant club
 48549 | Vaults:3 | Identified a +0 giant club
 48549 | Vaults:3 | Identified a +0 giant spiked club
 48549 | Vaults:3 | Identified a +0 giant club
 48549 | Vaults:3 | Identified a +0 great mace
 48549 | Vaults:3 | Identified a +0 ring mail
 48549 | Vaults:3 | Identified a +0 giant club
 48549 | Vaults:3 | Identified a +0 giant spiked club
 48730 | Vaults:3 | Identified a +0 arbalest
 48730 | Vaults:3 | Identified a +0 arbalest
 48730 | Vaults:3 | Identified a +0 arbalest
 48730 | Vaults:3 | Identified a +0 arbalest
 48741 | Vaults:3 | Identified a +2 antimagic dagger
 48741 | Vaults:3 | Identified a +0 shortbow
 48741 | Vaults:3 | Identified a +0 leather armour
 48742 | Vaults:3 | Identified a +0 long sword
 48756 | Vaults:3 | Reached skill level 14 in Spellcasting
 48756 | Vaults:3 | Reached XP level 20. HP: 120/151 MP: 24/38
 48917 | Vaults:3 | Learned a level 6 spell: Poison Arrow
 48925 | Vaults:3 | Identified a +0 war axe
 48925 | Vaults:3 | Identified a +0 scale mail
 48925 | Vaults:3 | Identified a +0 long sword
 48925 | Vaults:3 | Identified a +0 ring mail
 49124 | Vaults:3 | Identified a +0 arbalest
 49124 | Vaults:3 | Identified a +3 great mace of draining
 49124 | Vaults:3 | Identified a +0 chain mail
 49124 | Vaults:3 | Identified a +0 arbalest
 49209 | Vaults:3 | Identified a +0 dire flail
 49209 | Vaults:3 | Identified a +0 scale mail
 49270 | Vaults:3 | Identified a +2 long sword of draining
 49270 | Vaults:3 | Identified a +0 arbalest
 49270 | Vaults:3 | Identified a +0 scale mail
 49271 | Vaults:3 | Found Taisuif's Antique Weapon Boutique.
 49316 | Vaults:3 | Bought a jewelled halberd for 252 gold pieces
 49316 | Vaults:3 | Identified the cursed +0 halberd "Macakhloa" {flame, *Slow
                  | +Inv rF++ rC+} (You bought it in a shop on level 3 of the
                  | Vaults)
 49441 | Vaults:3 | Identified a +0 arbalest
 49518 | Vaults:3 | Identified a +1 war axe of chopping
 49518 | Vaults:3 | Identified a +2 scale mail of cold resistance
 49518 | Vaults:3 | Identified a +0 buckler of protection
 49686 | Vaults:3 | Identified a +4 morningstar
 49688 | Vaults:3 | Identified a +0 arbalest
 49696 | Vaults:3 | Reached skill level 15 in Spellcasting
 49914 | Vaults:3 | Identified the Almanac of Ignition and Displacement
 49961 | Vaults:3 | Identified a +0 morningstar
 49961 | Vaults:3 | Identified a +0 ring mail
 50445 | Vaults:1 | Identified a +0 mace
 50445 | Vaults:1 | Identified a +0 ring mail
 50648 | Vaults:1 | Identified a +2 great sword of flaming
 50656 | Vaults:1 | Identified a +1 battleaxe of freezing
 50708 | Vaults:1 | Identified a +0 broad axe of flaming
 50708 | Vaults:1 | Identified a +0 chain mail
 50720 | Vaults:1 | Identified a +0 morningstar
 50720 | Vaults:1 | Identified a +0 ring mail of poison resistance
 50948 | Vaults:1 | Identified a +0 dire flail
 50948 | Vaults:1 | Identified a +0 ring mail
 50951 | Vaults:1 | Identified a +0 mace of crushing
 50951 | Vaults:1 | Identified a +0 arbalest
 50955 | Vaults:1 | Identified a +1 great mace
 50955 | Vaults:1 | Identified a +0 hunting sling
 50955 | Vaults:1 | Identified a +0 chain mail
 50987 | Vaults:1 | Identified a +0 falchion
 50987 | Vaults:1 | Identified a +0 scale mail
 50998 | Vaults:1 | Identified a +1 dagger of holy wrath
 50998 | Vaults:1 | Identified a +1 robe of cold resistance
 50998 | Vaults:1 | Identified a +0 great mace of holy wrath
 50998 | Vaults:1 | Identified a +0 ring mail
 51001 | Vaults:1 | Identified a +3 rapier of electrocution
 51001 | Vaults:1 | Identified a +0 cloak
 51001 | Vaults:1 | Identified a +0 pair of gloves
 51001 | Vaults:1 | Noticed Nikola
 51008 | Vaults:1 | Killed Nikola
 51010 | Vaults:1 | Identified a +0 rapier
 51013 | Vaults:1 | Reached skill level 15 in Polearms
 51016 | Vaults:1 | You fall through a shaft!
 51446 | Vaults:1 | Identified a +0 long sword
 51446 | Vaults:1 | Identified a +0 arbalest
 51446 | Vaults:1 | Identified a cursed +0 plate armour
 51531 | Vaults:1 | Identified a +0 war axe
 51735 | Vaults:1 | Identified a +0 flail
 51735 | Vaults:1 | Identified a +7 blowgun
 51735 | Vaults:1 | Identified a +0 ring mail
 51883 | Vaults:1 | Identified a +0 great sword
 51883 | Vaults:1 | Identified a +0 plate armour
 52052 | Vaults:1 | Identified Sotuf's Grimoire of Unholy Attacks
 52085 | Vaults:1 | Identified the +6 scale mail of Baihaotuys {rCorr Int+8}
                  | (You found it on level 1 of the Vaults)
 52242 | Vaults:4 | Identified a +0 arbalest
 52324 | Vaults:4 | Identified a +0 dagger
 52324 | Vaults:4 | Identified a +0 robe
 52336 | Vaults:4 | Identified a +0 arbalest
 52428 | Vaults:4 | Identified a +0 arbalest
 52428 | Vaults:4 | Identified a +0 arbalest
 52428 | Vaults:4 | Identified a +0 arbalest
 52430 | Vaults:4 | Identified a +3 great sword
 52430 | Vaults:4 | Identified a +0 chain mail
 52430 | Vaults:4 | Identified a +0 arbalest
 52447 | Vaults:4 | Reached skill level 16 in Polearms
 52527 | Vaults:4 | Identified a +0 long sword
 52677 | Vaults:4 | Identified a +0 long sword
 52677 | Vaults:4 | Identified a +0 scale mail
 52695 | Vaults:4 | Identified a +0 long sword
 52699 | Vaults:4 | Identified a cursed -2 dagger
 52701 | Vaults:4 | Identified a +0 scimitar
 52701 | Vaults:4 | Identified a +0 longbow
 52702 | Vaults:4 | Identified a +0 dagger
 52702 | Vaults:4 | Identified a +0 longbow
 52702 | Vaults:4 | Identified a +0 leather armour
 52711 | Vaults:4 | Identified a +0 long sword
 52711 | Vaults:4 | Identified a +0 chain mail
 52842 | Vaults:4 | Identified a +0 morningstar
 52842 | Vaults:4 | Identified a +0 arbalest of freezing
 52842 | Vaults:4 | Identified a +0 scale mail
 52866 | Vaults:4 | Identified a +0 long sword
 52866 | Vaults:4 | Identified a +0 arbalest
 52866 | Vaults:4 | Identified a +0 ring mail
 52868 | Vaults:4 | Identified a +0 dire flail
 52868 | Vaults:4 | Identified a +0 ring mail
 52906 | Vaults:4 | Identified a +0 morningstar of draining
 52906 | Vaults:4 | Identified a +0 scale mail
 52924 | Vaults:4 | Noticed an entropy weaver
 52924 | Vaults:4 | Identified a +0 spear
 52924 | Vaults:4 | Identified a +0 robe
 52932 | Vaults:4 | Reached XP level 21. HP: 157/157 MP: 24/40
 52932 | Vaults:4 | Identified a +0 giant club
 52936 | Vaults:4 | Identified a +0 giant club
 52936 | Vaults:4 | Identified a +0 giant spiked club
 52945 | Vaults:4 | Identified a +0 giant club
 52947 | Vaults:4 | Identified a +0 long sword
 52947 | Vaults:4 | Identified a +0 scale mail
 52952 | Vaults:4 | Identified a +0 giant club
 52952 | Vaults:4 | Identified a +0 giant club
 52953 | Vaults:4 | Killed an entropy weaver
 52962 | Vaults:4 | Identified a +0 morningstar
 52965 | Vaults:4 | Identified a +0 arbalest
 52966 | Vaults:4 | Reached skill level 14 in Hexes
 52966 | Vaults:4 | Identified a +0 short sword
 52966 | Vaults:4 | Identified a +0 chain mail
 52967 | Vaults:4 | Identified a +0 giant club
 52968 | Vaults:4 | Identified a +0 giant spiked club
 52968 | Vaults:4 | Identified a +0 giant club
 52970 | Vaults:4 | Identified a +0 giant club
 52970 | Vaults:4 | Identified a +0 giant club
 52970 | Vaults:4 | Identified a +0 dagger
 52970 | Vaults:4 | Identified a cursed +0 scale mail
 52970 | Vaults:4 | Identified a +0 giant club
 52970 | Vaults:4 | Identified a +0 dire flail
 52971 | Vaults:4 | Identified a +0 giant spiked club
 52971 | Vaults:4 | Identified a +0 giant club
 52972 | Vaults:4 | Identified a +0 giant spiked club
 52972 | Vaults:4 | Identified a +0 giant spiked club
 52973 | Vaults:4 | Identified a +0 arbalest
 52974 | Vaults:4 | Identified a +0 spear
 52974 | Vaults:4 | Identified a +0 robe
 52977 | Vaults:4 | Identified a +0 giant club
 52978 | Vaults:4 | Identified a +3 great mace of crushing
 52978 | Vaults:4 | Identified a +1 ring mail of cold resistance
 52979 | Vaults:4 | Identified a +0 long sword
 52979 | Vaults:4 | Identified a +0 arbalest
 52979 | Vaults:4 | Identified a +0 scale mail
 52979 | Vaults:4 | Identified a +0 dire flail
 52979 | Vaults:4 | Identified a +0 scale mail
 53395 | Vaults:4 | Found Qurreted's Antique Weapon Emporium.
 53442 | Vaults:4 | Bought a potion of heal wounds for 70 gold pieces
 53442 | Vaults:4 | Bought a potion of cancellation for 112 gold pieces
 53442 | Vaults:4 | Bought a potion of cancellation for 112 gold pieces
 53472 | Vaults:4 | Identified a +0 arbalest
 53640 | Vaults:4 | Identified a cursed +0 great mace
 53640 | Vaults:4 | Identified a +0 leather armour
 53642 | Vaults:4 | Reached skill level 15 in Hexes
 53864 | Vaults:4 | Identified a +0 morningstar
 53864 | Vaults:4 | Identified a +0 scale mail
 53888 | Vaults:4 | Identified a +0 war axe
 53888 | Vaults:4 | Identified a +0 ring mail
 54132 | Vaults:4 | Noticed a lich
 54143 | Vaults:4 | Killed a lich
 54287 | Vaults:4 | Identified a +0 morningstar
 54287 | Vaults:4 | Identified a +0 leather armour
 54287 | Vaults:4 | Identified a cursed -2 whip
 54287 | Vaults:4 | Identified a +0 robe
 54287 | Vaults:4 | Identified a +0 giant spiked club
 54287 | Vaults:4 | Identified a +0 giant club
 54287 | Vaults:4 | Identified a +0 giant spiked club
 54724 | D:13     | Bought a ration for 65 gold pieces
 54724 | D:13     | Bought a ration for 65 gold pieces
 54724 | D:13     | Bought a ration for 65 gold pieces
 54724 | D:13     | Bought a ration for 65 gold pieces
 54724 | D:13     | Bought a ration for 65 gold pieces
 54724 | D:13     | Bought a ration for 65 gold pieces
 54724 | D:13     | Bought a ration for 65 gold pieces
 54724 | D:13     | Bought a ration for 65 gold pieces
 54724 | D:13     | Bought a ration for 65 gold pieces
 54902 | Snake:1  | Entered Level 1 of the Snake Pit
 54902 | Snake:1  | Identified a +0 glaive of freezing
 54902 | Snake:1  | Identified a +0 robe
 55005 | Snake:1  | Identified a +0 trident
 55134 | Snake:1  | Identified a +0 whip
 55141 | Snake:1  | Reached skill level 16 in Hexes
 55164 | Snake:1  | Identified a +0 flail
 55164 | Snake:1  | Identified a +0 arbalest
 55211 | Snake:1  | Identified a +0 hand axe
 55211 | Snake:1  | Identified a +0 robe
 55311 | Snake:1  | Identified a cursed +0 trident
 55662 | Snake:1  | Identified a +0 hand axe
 55665 | Snake:1  | Identified a +0 halberd
 55677 | Snake:1  | Identified a +0 mace
 55677 | Snake:1  | Identified a +0 shield
 55679 | Snake:1  | Identified a +0 battleaxe
 55679 | Snake:1  | Identified a +0 robe
 55687 | Snake:1  | Identified a +0 whip
 55687 | Snake:1  | Identified a +0 robe
 55976 | Snake:1  | Identified a +0 glaive
 56073 | Snake:1  | Identified a +0 battleaxe
 56073 | Snake:1  | Identified a cursed +0 robe
 56163 | Snake:1  | Identified a +0 war axe of electrocution
 56163 | Snake:1  | Identified a +0 robe
 56163 | Snake:1  | Identified a +0 shield
 56278 | Snake:1  | Identified a +0 scimitar of venom
 56278 | Snake:1  | Identified a +0 robe
 56330 | Snake:1  | Identified a +0 halberd
 56330 | Snake:1  | Identified a +0 arbalest
 56564 | Snake:1  | Identified a +0 dire flail
 56564 | Snake:1  | Identified a +0 arbalest
 56578 | Snake:1  | Identified a +0 trident
 56578 | Snake:1  | Identified a +0 halberd
 56578 | Snake:1  | Identified a +0 robe
 56585 | Snake:1  | Identified a +0 long sword
 56735 | Snake:1  | Identified the +11 plate armour of Icrysude {SInv Stlth+}
                  | (You found it on level 1 of the Snake Pit)
 56813 | Snake:1  | Found Weaxt's Armour Shop.
 56863 | Snake:1  | Identified a +2 vampiric trident
 56875 | Snake:1  | Reached skill level 17 in Hexes
 56876 | Snake:1  | Identified a +2 vampiric short sword
 56876 | Snake:1  | Identified a +0 robe
 56876 | Snake:1  | Identified a cursed +0 shield
 56879 | Snake:1  | Identified a +0 shortbow of flaming
 56975 | Snake:1  | Identified a +2 short sword of venom
 56975 | Snake:1  | Identified a +0 arbalest
 57255 | Snake:2  | Found a frozen archway.
 57294 | IceCv    | Entered an ice cave
 58005 | IceCv    | Noticed an Ice Fiend
 58117 | IceCv    | Killed an Ice Fiend
 58423 | IceCv    | Identified a ring of positive energy (You found it in an
                  | ice cave)
 58435 | IceCv    | Identified a +2 pair of boots of running (You found it in
                  | an ice cave)
 58659 | Snake:2  | Found Apetyehu's Armour Shop.
 58689 | Snake:2  | Identified a +0 club
 58692 | Snake:2  | Noticed Aizul
 58733 | Snake:1  | Bought a +2 pair of gloves of strength for 430 gold pieces
 58830 | Snake:2  | Identified a +0 dire flail
 58917 | Snake:2  | Identified a +0 halberd
 58980 | Snake:2  | Killed Aizul
 58984 | Snake:2  | Identified a +0 flail
 58984 | Snake:2  | Identified a +0 robe
 59252 | Snake:2  | Identified a +0 trident
 59252 | Snake:2  | Identified a +0 arbalest
 59252 | Snake:2  | Identified a +0 robe
 59253 | Snake:2  | Identified a +0 war axe
 59253 | Snake:2  | Identified a -3 hand axe
 59253 | Snake:2  | Identified a -3 shortbow
 59255 | Snake:2  | Reached skill level 16 in Spellcasting
 59256 | Snake:2  | Identified a +0 hand axe
 59553 | Snake:2  | Identified a +0 glaive
 59553 | Snake:2  | Identified a +3 arbalest
 59554 | Snake:2  | Identified a +0 trident
 59554 | Snake:2  | Identified a +0 robe
 59554 | Snake:2  | Identified a +0 scimitar
 59554 | Snake:2  | Identified a +0 robe
 59554 | Snake:2  | Identified a +0 war axe
 59554 | Snake:2  | Identified a +0 shortbow
 59554 | Snake:2  | Identified a +0 robe
 59555 | Snake:2  | Identified a +0 mace
 59555 | Snake:2  | Identified a cursed +0 robe
 59557 | Snake:2  | Reached XP level 22. HP: 163/163 MP: 34/42
 59922 | Snake:3  | Identified a +0 hand axe
 59922 | Snake:3  | Identified a +0 arbalest
 59923 | Snake:3  | Identified a +0 battleaxe
 59923 | Snake:3  | Identified a +0 robe
 59925 | Snake:3  | Identified a +0 halberd
 59925 | Snake:3  | Identified a +0 mace
 59925 | Snake:3  | Identified a +1 longbow of flaming
 59925 | Snake:3  | Identified a +0 robe
 60182 | Snake:3  | Identified a +0 halberd
 60182 | Snake:3  | Identified a +0 robe
 60245 | Snake:3  | Identified a +0 spear
 60245 | Snake:3  | Identified a +0 robe
 60311 | Snake:3  | Identified a +1 scimitar of venom
 60311 | Snake:3  | Identified a +0 robe
 60460 | Snake:3  | Learned a level 8 spell: Discord
 60555 | Snake:3  | Identified a +0 glaive
 60555 | Snake:3  | Identified a +0 short sword
 60555 | Snake:3  | Identified a +0 naga barding
 60566 | Snake:3  | Identified a +0 robe
 60566 | Snake:3  | Identified a +0 whip
 60566 | Snake:3  | Identified a +0 robe
 60568 | Snake:3  | Identified a +0 spear
 60569 | Snake:3  | Identified a cursed -3 flail
 60569 | Snake:3  | Identified a +0 robe
 60571 | Snake:3  | Identified a +0 club
 60571 | Snake:3  | Identified a +0 robe
 60603 | Snake:3  | Identified a +0 short sword
 60603 | Snake:3  | Identified a +0 robe
 60611 | Snake:3  | Identified a scroll of holy word
 60666 | Snake:3  | Identified a +0 spear
 60666 | Snake:3  | Identified a +0 robe
 60679 | Snake:3  | HP: 40/163 [black mamba (13)]
 60683 | Snake:3  | HP: 17/163 [nagaraja/bolt of poison (33)]
 61119 | Snake:3  | Identified a +0 scimitar
 61151 | Snake:3  | Got a pair of crude boots
 61152 | Snake:3  | Identified the +0 pair of boots of Articulation {Stlth+}
                  | (You acquired it on level 3 of the Snake Pit)
 61171 | Snake:3  | Identified a +0 long sword
 61171 | Snake:3  | Identified a +0 shortbow
 61171 | Snake:3  | Identified a +0 robe
 61420 | Snake:3  | Identified a +0 war axe
 61426 | Snake:3  | Identified a +0 mace
 61436 | Snake:3  | Identified a +2 flail of draining
 61961 | Snake:3  | Identified a +4 spear
 62209 | Snake:4  | Entered Level 4 of the Snake Pit
 62552 | Snake:4  | Identified a +4 trident
 62554 | Snake:4  | Identified a +0 hand axe
 62554 | Snake:4  | Identified a +0 battleaxe
 62556 | Snake:4  | Identified a +0 dagger
 62556 | Snake:4  | Identified a +0 robe
 62556 | Snake:4  | Identified a +0 broad axe
 62670 | Snake:4  | Identified a +0 lajatang
 62670 | Snake:4  | Identified a +0 robe
 62670 | Snake:4  | Noticed Agnes
 62691 | Snake:4  | Killed Agnes
 62849 | Snake:4  | Identified a +0 hand axe
 62849 | Snake:4  | Identified a +2 robe of positive energy
 62850 | Snake:4  | Identified a +0 hand axe
 62856 | Snake:4  | Identified a +0 mace
 62858 | Snake:4  | Identified a +0 flail
 62858 | Snake:4  | Identified a +0 robe
 62871 | Snake:4  | Reached skill level 18 in Hexes
 63131 | Snake:4  | Identified a +0 spear
 63165 | Snake:4  | Identified a +0 flail
 63165 | Snake:4  | Identified a +0 arbalest
 63168 | Snake:4  | Identified a +1 mace of crushing
 63168 | Snake:4  | Identified a +0 longbow
 63168 | Snake:4  | Identified a +0 naga barding of flying
 63168 | Snake:4  | Noticed Vashnia
 63470 | Snake:4  | Identified a +0 war axe
 63470 | Snake:4  | Identified a -1 shortbow
 63590 | Snake:4  | Identified a +0 scimitar
 63590 | Snake:4  | Identified a +0 shortbow
 63590 | Snake:4  | Identified a +0 robe
 63612 | Snake:4  | Identified a +0 flail
 63612 | Snake:4  | Identified a +0 shortbow
 63612 | Snake:4  | Identified a +0 trident
 63612 | Snake:4  | Identified a +0 shortbow
 63623 | Snake:4  | Killed Vashnia
 63992 | Snake:4  | Identified a +0 glaive
 63992 | Snake:4  | Identified a +0 shortbow
 63992 | Snake:4  | Identified a cursed +0 robe
 64028 | Snake:4  | Identified a +0 hand axe
 64036 | Snake:4  | Identified a +0 mace
 64051 | Snake:4  | Identified a +0 robe
 64053 | Snake:4  | Identified a +0 hand axe
 64053 | Snake:4  | Identified a +0 robe
 64342 | Snake:4  | Identified a +0 glaive
 64364 | Snake:4  | Identified a +0 short sword
 64364 | Snake:4  | Identified a +0 arbalest
 64390 | Snake:4  | Identified a +0 broad axe
 64390 | Snake:4  | Identified a +0 shortbow
 64705 | Snake:4  | Identified a +0 dire flail
 64707 | Snake:4  | Identified a +1 battleaxe of flaming
 64707 | Snake:4  | Identified a +0 robe
 64810 | Snake:4  | Identified a +0 dire flail
 64810 | Snake:4  | Identified a +0 robe
 64814 | Snake:4  | Identified a +0 spear
 64814 | Snake:4  | Identified a +0 hand axe
 64814 | Snake:4  | Identified a +0 robe
 64817 | Snake:4  | Identified a +0 flail
 64827 | Snake:4  | Reached skill level 19 in Hexes
 64838 | Snake:4  | Identified a +0 halberd
 64903 | Snake:4  | Identified a +0 club
 64903 | Snake:4  | Identified a +0 robe
 65159 | Snake:4  | Identified a +0 hand axe
 65214 | Snake:4  | Identified a +0 spear
 65289 | Snake:4  | Identified a +2 halberd of pain
 65292 | Snake:4  | Identified a +0 dire flail
 65292 | Snake:4  | Identified a -3 arbalest
 65380 | Snake:4  | Identified a +1 flail of protection
 65388 | Snake:4  | Identified a +1 dagger of venom
 65388 | Snake:4  | Identified a +0 robe
 65416 | Snake:4  | Identified a +2 dagger of venom
 65416 | Snake:4  | Identified a +0 robe
 65438 | Snake:4  | Identified a +0 spear
 65438 | Snake:4  | Identified a +0 robe
 65440 | Snake:4  | Reached skill level 17 in Spellcasting
 65542 | Snake:4  | Identified a +0 halberd
 65542 | Snake:4  | Identified a +0 robe
 65611 | Snake:4  | Reached skill level 2 in Dodging
 65676 | Snake:4  | Identified a +0 flail
 65676 | Snake:4  | Identified a +0 robe
 65822 | Snake:4  | Identified a +2 short sword of speed
 65909 | Snake:4  | Identified a +0 halberd
 65909 | Snake:4  | Identified a +0 robe
 65915 | Snake:4  | Identified a +0 scimitar of venom
 65915 | Snake:4  | Identified a +0 robe
 65915 | Snake:4  | Identified a +0 dagger of venom
 65915 | Snake:4  | Identified a +0 robe
 65919 | Snake:4  | Reached skill level 3 in Dodging
 65987 | Snake:4  | Identified a +2 trident of protection
 65990 | Snake:4  | Identified a cursed +0 trident
 65990 | Snake:4  | Identified a +0 robe
 66082 | Snake:4  | Identified a +0 trident
 66215 | Snake:4  | Identified a +1 whip of venom
 66215 | Snake:4  | Identified a +0 battleaxe
 66216 | Snake:4  | Identified a +0 short sword
 66216 | Snake:4  | Identified a +0 robe
 66220 | Snake:4  | Identified a +0 trident
 66220 | Snake:4  | Identified a +4 arbalest of flaming
 66222 | Snake:4  | Identified a +0 whip
 66226 | Snake:4  | Identified a +0 robe
 66467 | Snake:4  | Reached skill level 4 in Dodging
 66544 | Snake:4  | Identified a +0 flail
 66544 | Snake:4  | Identified a +0 robe
 66544 | Snake:4  | Identified a +0 shield
 66624 | Snake:4  | Identified a +0 quarterstaff
 66624 | Snake:4  | Identified a +0 robe
 66625 | Snake:4  | Identified a +0 battleaxe
 66625 | Snake:4  | Identified a +0 robe
 66626 | Snake:4  | Identified a +0 spear
 66758 | Snake:4  | Identified a +0 robe of positive energy
 66788 | Snake:4  | Reached skill level 5 in Dodging
 66793 | Snake:4  | Reached XP level 23. HP: 151/169 MP: 38/44
 66797 | Snake:4  | Identified a +0 flail
 66797 | Snake:4  | Identified a cursed +0 robe
 66798 | Snake:4  | Identified a +0 dagger of venom
 66798 | Snake:4  | Identified a +0 robe
 66891 | Snake:4  | Identified a +0 long sword
 66891 | Snake:4  | Identified a +0 robe
 66908 | Snake:4  | Identified a +0 battleaxe
 66908 | Snake:4  | Identified a +0 robe
 66930 | Snake:4  | Identified a +0 short sword
 66930 | Snake:4  | Identified a +0 longbow
 66942 | Snake:4  | Identified a +0 robe
 67110 | Snake:4  | Reached skill level 6 in Dodging
 67114 | Snake:4  | Got a serpentine rune of Zot
 67194 | Snake:4  | Identified a cursed +0 robe
 67261 | Snake:4  | Found a basalt altar of Yredelemnul.
 67262 | Snake:4  | Identified a cursed -3 halberd
 67263 | Snake:4  | Identified a +0 halberd
 67277 | Snake:4  | Identified a +2 quarterstaff of protection
 67277 | Snake:4  | Identified a +0 robe
 67278 | Snake:4  | Identified a +0 flail
 67278 | Snake:4  | Identified a +0 short sword
 67278 | Snake:4  | Identified a +0 robe
 67278 | Snake:4  | Identified a +0 mace of crushing
 67572 | Snake:1  | Bought a potion of curing for 45 gold pieces
 67572 | Snake:1  | Bought a potion of mutation for 120 gold pieces
 67572 | Snake:1  | Bought a potion of might for 60 gold pieces
 67572 | Snake:1  | Bought a potion of brilliance for 60 gold pieces
 67573 | Snake:1  | Lost mutation: Your body sometimes deteriorates upon taking
                  | damage. [potion of mutation]
 67573 | Snake:1  | Lost mutation: Your spells are a little harder to cast, but
                  | a little more powerful. [potion of mutation]
 67573 | Snake:1  | Gained mutation: You are frail. (-10% HP) [potion of
                  | mutation]
 67573 | Snake:1  | Lost mutation: You are frail. (-10% HP) [potion of
                  | mutation]
 67573 | Snake:1  | Gained mutation: You are partially covered in yellow
                  | scales. (AC +2) [potion of mutation]
 67574 | Snake:1  | Lost mutation: You are partially covered in yellow scales.
                  | (AC +2) [potion of mutation]
 67574 | Snake:1  | Lost mutation: You are partially covered in rugged brown
                  | scales. (AC +1, +3% HP) [potion of mutation]
 67574 | Snake:1  | Gained mutation: You have sharp toenails. [potion of
                  | mutation]
 67574 | Snake:1  | Gained mutation: You are partially covered in large bone
                  | plates. (SH +4) [potion of mutation]
 67575 | Snake:1  | Lost mutation: You have sharp toenails. [potion of
                  | mutation]
 67575 | Snake:1  | Gained mutation: Scrolls take you a little longer to read.
                  | [potion of mutation]
 67575 | Snake:1  | Gained mutation: You are mostly covered in large bone
                  | plates. (SH +6) [potion of mutation]
 67576 | Snake:1  | Lost mutation: Scrolls take you a little longer to read.
                  | [potion of mutation]
 67576 | Snake:1  | Gained mutation: Your system is resistant to poisons.
                  | (rPois) [potion of mutation]
 67576 | Snake:1  | Gained mutation: You possess an exceptional clarity of
                  | mind. [potion of mutation]
 67576 | Snake:1  | Gained mutation: You are partially covered in thin metallic
                  | scales. (AC +2) [potion of mutation]
 67816 | Orc:2    | Bought the +9 plate armour of Intercession {*Contam rElec
                  | rPois Int+8} for 1071 gold pieces
 67863 | Orc:2    | Learned a level 2 spell: Sticks to Snakes
 67923 | Elf:3    | Identified a +0 rapier
 67923 | Elf:3    | Identified a +0 rapier
 67923 | Elf:3    | Identified a +0 leather armour
 67928 | Elf:3    | Identified a +0 rapier
 67928 | Elf:3    | Identified a +0 rapier
 67928 | Elf:3    | Identified a +0 leather armour
 68085 | Elf:3    | Killed a deep elf sorcerer
 68085 | Elf:3    | Reached skill level 7 in Dodging
 68394 | Elf:3    | Identified a +0 short sword
 68394 | Elf:3    | Identified a +0 leather armour
 68399 | Elf:3    | Identified a +3 short sword
 68574 | Elf:3    | Identified a +0 long sword
 68574 | Elf:3    | Noticed a deep elf sorcerer
 68574 | Elf:3    | Identified a +0 long sword
 68585 | Elf:3    | Killed a deep elf sorcerer
 68591 | Elf:3    | Reached skill level 8 in Dodging
 68668 | Elf:3    | Identified a +0 long sword
 68669 | Elf:3    | Identified a +0 long sword
 68683 | Elf:3    | Identified a +0 dagger
 68684 | Elf:3    | Identified a +1 broad axe of chopping
 68685 | Elf:3    | Identified a +0 long sword
 68693 | Elf:3    | Identified a cursed +0 long sword
 68693 | Elf:3    | Identified a cursed +0 chain mail
 68874 | Elf:3    | Identified a +0 short sword
 68879 | Elf:3    | Identified a +0 longbow
 68879 | Elf:3    | Identified a cursed -2 leather armour
 68881 | Elf:3    | Identified a +0 rapier
 68881 | Elf:3    | Identified a +0 leather armour
 68881 | Elf:3    | Noticed a deep elf sorcerer
 68980 | Elf:3    | Cast into level 2 of the Abyss (a deep elf sorcerer)
 69015 | Elf:3    | Escaped the Abyss
 69016 | Elf:3    | Killed a deep elf sorcerer
 69016 | Elf:3    | Reached skill level 3 in Stealth
 69017 | Elf:3    | Reached skill level 4 in Stealth
 69089 | Elf:3    | Identified the +6 quarterstaff of Wuzxusy {venom, +Blink
                  | rF+ rC+ Dex+4}
 69192 | Elf:3    | Identified a +0 long sword
 69204 | Elf:3    | Reached skill level 5 in Stealth
 69437 | Elf:3    | Identified a +5 vampiric great sword
 69437 | Elf:3    | Identified an uncursed ring of protection from fire
 69437 | Elf:3    | Noticed a deep elf sorcerer
 69441 | Elf:3    | Killed a deep elf sorcerer
 69499 | Elf:3    | Identified the Almanac of the Lucky Entourage
 69511 | Elf:3    | Identified Konaos's Guide on the Mountains and the Compass
 69521 | Elf:3    | Identified the +2 pair of gloves "Kuisan" {rPois} (You
                  | found it on level 3 of the Elven Halls)
 69531 | Elf:3    | Identified a ring of poison resistance (You found it on
                  | level 3 of the Elven Halls)
 69533 | Elf:3    | Identified the ring of Ducanuis {+Fly MR++ Slay-3} (You
                  | found it on level 3 of the Elven Halls)
 69538 | Elf:3    | Identified the Guide on the Glacier
 69909 | Slime:1  | Entered Level 1 of the Pits of Slime
 69916 | Slime:1  | Reached skill level 6 in Stealth
 70066 | Slime:2  | Reached skill level 7 in Stealth
 70502 | Slime:1  | HP: 29/165 [acid (15)]
 71125 | Slime:2  | Reached skill level 8 in Stealth
 71952 | Slime:2  | Reached skill level 9 in Stealth
 72422 | Slime:1  | Reached skill level 10 in Stealth
 72631 | Slime:1  | Reached skill level 11 in Stealth
 72835 | Slime:3  | Reached skill level 12 in Stealth
 73474 | Slime:4  | Reached XP level 24. HP: 169/172 MP: 33/44
 74387 | Slime:5  | Entered Level 5 of the Pits of Slime
 74684 | Slime:5  | Reached skill level 17 in Polearms
 74706 | Slime:5  | Noticed the Royal Jelly
 75237 | Depths:1 | Entered Level 1 of the Depths
 75237 | Depths:1 | Identified a +0 great sword
 75237 | Depths:1 | Identified a +0 leather armour
 75244 | Depths:1 | Identified a +0 arbalest
 75251 | Depths:1 | Identified a +0 dire flail
 75251 | Depths:1 | Identified a +0 dire flail
 75254 | Depths:1 | Identified a +0 war axe
 75254 | Depths:1 | Identified a +0 chain mail
 75474 | Depths:1 | Identified a +0 long sword
 75474 | Depths:1 | Identified a +0 leather armour
 75474 | Depths:1 | Identified a +0 shield
 75572 | Depths:1 | Identified a +0 dire flail
 75572 | Depths:1 | Identified a +0 dire flail
 75583 | Depths:1 | Identified a +0 whip
 75583 | Depths:1 | Identified a +0 robe
 75589 | Depths:1 | Identified a +0 giant club
 75589 | Depths:1 | Identified a +0 giant club
 75591 | Depths:1 | Identified a cursed +0 giant spiked club
 75596 | Depths:1 | Identified a cursed +0 giant spiked club
 75596 | Depths:1 | Identified a +0 giant club
 75597 | Depths:1 | Identified a cursed -3 giant club
 75697 | Depths:1 | Identified a +0 whip
 75697 | Depths:1 | Identified a +0 robe
 75855 | Depths:1 | Identified a +0 robe
 75881 | Depths:1 | Found a gateway to Hell.
 75915 | Depths:1 | Identified a +0 long sword
 75915 | Depths:1 | Identified a +0 scale mail
 75933 | Depths:1 | Reached skill level 18 in Polearms
 76034 | Depths:1 | Found a one-way gate leading to the halls of Pandemonium.
 76246 | Depths:1 | Reached skill level 11 in Fighting
 76351 | Depths:1 | Identified a +0 whip
 76351 | Depths:1 | Identified a +0 robe
 76458 | Depths:1 | Identified a +0 dire flail
 76458 | Depths:1 | Identified a +0 dire flail
 76684 | Depths:1 | Identified a cursed -2 long sword
 76684 | Depths:1 | Identified a +0 robe
 76690 | Depths:1 | Identified a +0 arbalest
 76914 | Depths:1 | Identified the +0 robe of Terror {+Fly Int-3 Dex+4 Stlth+}
                  | (You found it on level 1 of the Depths)
 76925 | Depths:1 | Found a gateway to a ziggurat.
 76927 | Depths:1 | Identified a +0 robe
 76980 | Depths:1 | Found a one-way gate to the infinite horrors of the Abyss.
 77187 | Depths:2 | Identified a +0 arbalest
 77215 | Depths:2 | Identified a +2 battleaxe of freezing
 77217 | Depths:2 | Identified a +0 arbalest
 77220 | Depths:2 | Identified a +0 arbalest
 77226 | Depths:2 | Reached skill level 12 in Fighting
 77447 | Depths:2 | Identified a +0 trident
 77447 | Depths:2 | Identified a +0 robe
 77514 | Depths:2 | Found Xeji's Armour Shoppe.
 77617 | Depths:2 | Identified a +0 rapier
 77617 | Depths:2 | Identified a +0 animal skin
 77662 | Depths:2 | Identified a +0 arbalest
 77670 | Depths:2 | Identified a +0 whip
 77670 | Depths:2 | Identified a +0 robe
 77861 | Depths:2 | Identified a +0 great sword of flaming
 77879 | Depths:2 | Identified a +0 dire flail
 77879 | Depths:2 | Identified a +0 dire flail
 77880 | Depths:2 | Identified a +0 dire flail
 77880 | Depths:2 | Identified a +0 dire flail
 77967 | Depths:2 | Identified a +0 whip
 77967 | Depths:2 | Identified a +0 robe
 77976 | Depths:2 | Reached skill level 13 in Fighting
 77996 | Depths:2 | Reached XP level 25. HP: 185/188 MP: 7/44
 78317 | Depths:2 | Found a sparkling altar of Nemelex Xobeh.
 78346 | Depths:2 | Identified a +1 great sword of flaming
 78870 | Depths:2 | Identified a +0 battleaxe
 78870 | Depths:2 | Identified a +3 hunting sling of flaming
 78870 | Depths:2 | Identified a +2 plate armour of poison resistance
 78870 | Depths:2 | Identified the ring of Vehumet's Wrath {+Fly rF+ EV+5 Dex+6
                  | SInv}
 78879 | Depths:2 | Identified a +0 battleaxe
 78879 | Depths:2 | Identified a +0 ring mail
 78937 | Depths:2 | Identified a +0 dire flail
 78937 | Depths:2 | Identified a +0 dire flail of venom
 78939 | Depths:2 | Identified a +1 great sword of flaming
 78944 | Depths:2 | Reached skill level 14 in Fighting
 79067 | Depths:2 | Identified a +0 dire flail
 79067 | Depths:2 | Identified a +0 great mace
 79098 | Depths:2 | Identified a +2 battleaxe of freezing
 79121 | Depths:2 | Identified a +2 broad axe
 79121 | Depths:2 | Identified a +3 ring mail of positive energy
 79121 | Depths:2 | Identified a +0 buckler
 79176 | Depths:2 | Identified a +0 war axe
 79176 | Depths:2 | Identified a +0 animal skin
 79183 | Depths:2 | Identified a +0 robe
 79299 | Depths:2 | Identified a +3 vampiric long sword
 79299 | Depths:2 | Identified a +0 scale mail
 79299 | Depths:2 | Identified a +0 buckler of protection
 79554 | Depths:2 | Identified a +2 vampiric hand axe
 79554 | Depths:2 | Identified a +0 leather armour
 79562 | Depths:2 | Reached skill level 15 in Fighting
 79567 | Depths:2 | Identified a +2 dire flail of venom
 79567 | Depths:2 | Identified a +0 dire flail
 79923 | Depths:3 | Identified the +4 scale mail "Yguonank" {*Corrode Dex+5
                  | Stlth+} (You found it on level 3 of the Depths)
 79949 | Depths:3 | Identified a +0 longbow
 79950 | Depths:3 | Identified a +1 trident of flaming
 80243 | Depths:3 | Bought the amulet "Ebiyk" {Reflect Int+4 Slay+2 SH+3} for
                  | 671 gold pieces
 80430 | Depths:3 | Identified a +0 dire flail
 80430 | Depths:3 | Identified a +2 dire flail of protection
 80470 | Depths:3 | Identified a +0 arbalest
 80477 | Depths:3 | Identified a +0 dire flail
 80477 | Depths:3 | Identified a +0 dire flail
 80765 | Depths:3 | Identified a +1 pair of gloves (You found it on level 3 of
                  | the Depths)
 80824 | Depths:3 | Identified a +5 scimitar of slicing
 80824 | Depths:3 | Identified a +0 plate armour
 81011 | Depths:3 | Identified a +1 great sword of flaming
 81014 | Depths:3 | Reached skill level 18 in Spellcasting
 81380 | Depths:4 | Found Qaucke's Gadget Boutique.
 81381 | Depths:4 | Found Suter's Jewellery Emporium.
 81382 | Depths:4 | Found Fonuq's Gadget Boutique.
 81448 | Depths:4 | Identified a +0 battleaxe of freezing
 81516 | Depths:4 | Identified a +0 halberd
 81517 | Depths:4 | Identified a +0 shortbow of flaming
 81586 | Depths:4 | You fall through a shaft!
 81586 | Depths:5 | Entered Level 5 of the Depths
 81587 | Depths:5 | Identified a +0 dire flail
 81587 | Depths:5 | Identified a +0 dire flail
 81587 | Depths:5 | Identified a +0 battleaxe of freezing
 81589 | Depths:5 | Reached skill level 13 in Armour
 81686 | Depths:5 | Identified a +0 glaive
 81701 | Depths:5 | Identified a +0 glaive
 81723 | Depths:5 | Identified a +0 great mace
 81723 | Depths:5 | Identified a +1 ring mail of fire resistance
 81934 | Depths:5 | Identified a +0 battleaxe
 81935 | Depths:5 | Identified a +1 mace of draining
 81944 | Depths:5 | Identified a +0 arbalest
 81961 | Depths:5 | Reached skill level 14 in Armour
 81962 | Depths:5 | Identified a +0 arbalest
 81962 | Depths:5 | Identified a +0 arbalest
 82207 | Depths:5 | Identified a +2 war axe of distortion
 82207 | Depths:5 | Identified a +0 ring mail
 82207 | Depths:5 | Identified a +2 buckler of protection
 82209 | Depths:5 | Identified a +0 great sword
 82209 | Depths:5 | Identified a +0 ring mail
 82429 | Depths:5 | Identified a +0 mace
 82579 | Depths:5 | Identified a +0 hand axe
 82580 | Depths:5 | Identified a +0 halberd
 82581 | Depths:5 | Identified a +0 battleaxe
 82677 | Depths:5 | Identified a +1 halberd of venom
 82682 | Depths:5 | Reached XP level 26. HP: 193/201 MP: 38/45
 82734 | Depths:5 | Identified a +1 cloak
 82767 | Depths:5 | Reached skill level 15 in Armour
 82925 | Depths:5 | Identified a +1 demon blade of flaming
 83072 | Depths:5 | Identified an amulet of the gourmand (You found it on level
                  | 5 of the Depths)
 83104 | Depths:5 | Identified a +0 arbalest
 83121 | Depths:5 | Identified a +0 long sword of holy wrath
 83121 | Depths:5 | Identified a +0 ring mail
 83121 | Depths:5 | Identified a +0 buckler
 83131 | Depths:5 | Identified a +0 trident
 83472 | Depths:5 | Identified a +2 great sword of flaming
 83707 | Depths:5 | Found a gate to the Realm of Zot.
 83875 | Depths:4 | Identified a +0 war axe
 83875 | Depths:4 | Identified a +0 animal skin
 83894 | Depths:4 | Identified a +0 antimagic war axe
 83894 | Depths:4 | Identified a +0 animal skin
 84152 | Depths:4 | Identified a +0 war axe
 84152 | Depths:4 | Identified a +0 animal skin
 84200 | Depths:4 | Reached skill level 16 in Armour
 84381 | Depths:4 | Identified a +0 arbalest
 84510 | Depths:4 | Identified a +1 battleaxe of freezing
 84991 | Depths:4 | Identified a +2 rapier of draining
 84991 | Depths:4 | Identified a +0 robe
 84991 | Depths:4 | Identified a +0 buckler
 84991 | Depths:4 | Identified a +0 robe
 84991 | Depths:4 | Identified a +0 spear
 84991 | Depths:4 | Identified a +0 buckler
 84991 | Depths:4 | Identified a +0 robe
 85108 | Depths:4 | Noticed a juggernaut
 85113 | Depths:4 | Killed a juggernaut
 85396 | D:15     | Bought a scroll of summoning for 180 gold pieces
 85396 | D:15     | Bought a ration for 95 gold pieces
 85396 | D:15     | Bought a ration for 95 gold pieces
 85396 | D:15     | Bought a ration for 95 gold pieces
 85396 | D:15     | Bought a ration for 95 gold pieces
 85415 | D:15     | Learned a level 8 spell: Infestation
 85476 | D:12     | Bought a ration for 60 gold pieces
 85476 | D:12     | Bought a ration for 60 gold pieces
 85692 | Vaults:5 | Entered Level 5 of the Vaults
 85692 | Vaults:5 | Identified a +1 great sword
 85692 | Vaults:5 | Identified a cursed +0 plate armour
 85692 | Vaults:5 | Identified a +0 great sword
 85692 | Vaults:5 | Identified a +0 plate armour
 85692 | Vaults:5 | Identified a +0 great sword
 85692 | Vaults:5 | Identified a +0 plate armour
 85692 | Vaults:5 | Identified a +0 great sword
 85692 | Vaults:5 | Identified a +0 plate armour
 85692 | Vaults:5 | Identified a +0 great mace
 85692 | Vaults:5 | Identified a +0 plate armour
 85692 | Vaults:5 | Identified a +0 halberd
 85692 | Vaults:5 | Identified a +0 plate armour
 85692 | Vaults:5 | Identified a +3 great mace
 85692 | Vaults:5 | Identified a +0 chain mail
 85692 | Vaults:5 | Identified a +2 vampiric glaive
 85692 | Vaults:5 | Identified a +0 chain mail
 85692 | Vaults:5 | Identified a +0 long sword
 85692 | Vaults:5 | Identified a +0 plate armour
 85692 | Vaults:5 | Identified a +0 shield
 85692 | Vaults:5 | Identified a cursed -1 great sword
 85692 | Vaults:5 | Identified a +0 plate armour
 85692 | Vaults:5 | Identified a +0 long sword
 85692 | Vaults:5 | Identified a +0 chain mail
 85692 | Vaults:5 | Identified a +1 battleaxe of flaming
 85692 | Vaults:5 | Identified a cursed +0 plate armour
 85692 | Vaults:5 | Identified a +2 great sword
 85692 | Vaults:5 | Identified a +0 chain mail
 85692 | Vaults:5 | Identified a +0 great mace
 85692 | Vaults:5 | Identified a +0 chain mail
 85692 | Vaults:5 | Identified a +0 war axe
 85692 | Vaults:5 | Identified a +0 plate armour
 85692 | Vaults:5 | Identified a +0 long sword
 85692 | Vaults:5 | Identified a +0 chain mail
 85692 | Vaults:5 | Identified a +1 great sword of holy wrath
 85692 | Vaults:5 | Identified a +0 chain mail
 85692 | Vaults:5 | Identified a cursed -3 glaive
 85692 | Vaults:5 | Identified a +0 chain mail
 85692 | Vaults:5 | Identified a +0 great sword
 85692 | Vaults:5 | Identified a +0 plate armour
 85692 | Vaults:5 | Identified a +0 great sword
 85692 | Vaults:5 | Identified a +0 plate armour
 85692 | Vaults:5 | Identified a +0 bardiche
 85692 | Vaults:5 | Identified a +0 plate armour
 85692 | Vaults:5 | Identified a +0 war axe
 85692 | Vaults:5 | Identified a +0 plate armour
 85692 | Vaults:5 | Identified a +0 great sword
 85692 | Vaults:5 | Identified a +0 plate armour
 85692 | Vaults:5 | Identified a +0 war axe
 85692 | Vaults:5 | Identified a +4 chain mail of fire resistance
 85692 | Vaults:5 | Identified a +0 dire flail
 85692 | Vaults:5 | Identified a +0 great mace
 85694 | Vaults:5 | Identified a +1 scythe of slicing
 85700 | Vaults:5 | Identified a +1 battleaxe of freezing
 85700 | Vaults:5 | Reached skill level 17 in Armour
 85957 | Vaults:5 | Identified a +0 falchion
 85957 | Vaults:5 | Identified a +0 ring mail
 85957 | Vaults:5 | Identified a +0 great mace
 85957 | Vaults:5 | Identified a +0 plate armour
 85959 | Vaults:5 | Identified a +0 mace
 85960 | Vaults:5 | Identified a +0 flail of holy wrath
 85960 | Vaults:5 | Identified a +0 arbalest
 85960 | Vaults:5 | Identified a +0 dire flail of crushing
 85960 | Vaults:5 | Identified a +0 ring mail
 85961 | Vaults:5 | Identified a +0 arbalest
 85961 | Vaults:5 | Identified a +0 giant spiked club
 85962 | Vaults:5 | Identified a +1 great sword of protection
 85962 | Vaults:5 | Identified a +0 plate armour
 85963 | Vaults:5 | Identified a +0 dagger
 85963 | Vaults:5 | Identified a +0 robe
 85963 | Vaults:5 | Identified a +0 flail
 85963 | Vaults:5 | Identified a +0 ring mail
 85965 | Vaults:5 | Identified a +0 arbalest
 85968 | Vaults:5 | Identified a +0 flail
 85968 | Vaults:5 | Identified a +0 ring mail
 85968 | Vaults:5 | Identified a +0 short sword
 85968 | Vaults:5 | Identified a +0 shortbow
 85968 | Vaults:5 | Identified a +0 leather armour
 85968 | Vaults:5 | Identified a +0 scimitar
 85968 | Vaults:5 | Identified a +0 ring mail
 85968 | Vaults:5 | Identified a +2 buckler
 85968 | Vaults:5 | Identified a +0 dagger
 85968 | Vaults:5 | Identified a +0 short sword
 85968 | Vaults:5 | Identified a +0 rapier
 85968 | Vaults:5 | Identified a +0 battleaxe
 85968 | Vaults:5 | Identified a +0 ring mail
 85968 | Vaults:5 | Identified a +0 arbalest
 85971 | Vaults:5 | Reached skill level 1 in Necromancy
 85985 | Vaults:5 | Identified a +0 flail
 85985 | Vaults:5 | Identified a +0 scale mail
 85986 | Vaults:5 | Identified a cursed -2 long sword
 85986 | Vaults:5 | Identified a +4 scale mail of fire resistance
 85986 | Vaults:5 | Identified a +1 buckler of fire resistance
 85991 | Vaults:4 | Reached skill level 2 in Necromancy
 86272 | Vaults:5 | Identified a cursed +0 mace
 86272 | Vaults:5 | Identified a +0 scale mail
 86273 | Vaults:5 | Identified a +0 great mace
 86273 | Vaults:5 | Identified a +0 scale mail
 86280 | Vaults:4 | Reached skill level 3 in Necromancy
 86347 | Vaults:5 | Identified a +0 long sword
 86347 | Vaults:5 | Identified a +0 scale mail
 86565 | Vaults:5 | Reached skill level 4 in Necromancy
 86565 | Vaults:5 | Identified a +0 great mace
 86565 | Vaults:5 | Identified a +0 ring mail
 86569 | Vaults:5 | Identified a cursed -3 halberd
 86569 | Vaults:5 | Identified a +0 robe
 86571 | Vaults:5 | Identified a +2 dire flail of protection
 86571 | Vaults:5 | Identified a +0 dire flail
 86810 | Vaults:5 | Identified a +0 great sword
 86810 | Vaults:5 | Identified a +1 scale mail of magic resistance
 86822 | Vaults:5 | Reached skill level 5 in Necromancy
 86863 | Vaults:5 | Identified a +0 arbalest
 86963 | Vaults:5 | Identified a +0 dire flail
 86963 | Vaults:5 | Identified a +0 ring mail
 87016 | Vaults:5 | Reached skill level 6 in Necromancy
 87135 | Vaults:5 | Identified a +0 great mace
 87135 | Vaults:5 | Identified a +0 ring mail
 87138 | Vaults:5 | Identified a +0 arbalest
 87141 | Vaults:5 | Identified a +0 dire flail
 87141 | Vaults:5 | Identified a +0 dire flail
 87145 | Vaults:5 | Identified a +0 arbalest
 87181 | Vaults:5 | Reached skill level 7 in Necromancy
 87688 | Vaults:5 | Reached skill level 8 in Necromancy
 87734 | Vaults:5 | Identified a cursed +0 arbalest
 87734 | Vaults:5 | Identified the ring of Otanaev {Ice MR+}
 87819 | Vaults:5 | Identified a +0 short sword
 87882 | Vaults:5 | Identified a +0 battleaxe of chopping
 87882 | Vaults:5 | Identified a +0 ring mail
 87883 | Vaults:5 | Identified a +2 great sword of flaming
 87883 | Vaults:5 | Identified a cursed -3 ring of dexterity
 87930 | Vaults:5 | Reached XP level 27. HP: 161/207 MP: 3/45
 87935 | Vaults:5 | Identified a +2 falchion of draining
 87935 | Vaults:5 | Identified a +0 arbalest
 88101 | Vaults:5 | Got a silver rune of Zot
 88132 | Vaults:5 | Reached skill level 9 in Necromancy
 88208 | Vaults:5 | Identified a +0 glaive
 88208 | Vaults:5 | Identified a +0 arbalest
 88358 | Vaults:5 | Identified a +1 great sword of flaming
 88358 | Vaults:5 | Identified the cursed ring "Olov" {+Fly rC+ rN+ Str-2}
 88376 | Vaults:5 | Identified a +0 arbalest
 88379 | Vaults:5 | Identified a +0 arbalest
 88379 | Vaults:5 | Identified a +0 arbalest
 88384 | Vaults:5 | Identified a +0 arbalest
 88444 | Vaults:5 | Identified a +0 long sword
 88444 | Vaults:5 | Identified a cursed +0 chain mail
 88449 | Vaults:5 | Reached skill level 10 in Necromancy
 88605 | Vaults:5 | Identified a +0 arbalest
 88653 | Vaults:5 | Identified a +2 long sword of slicing
 88653 | Vaults:5 | Identified a cursed -2 ring mail
 88653 | Vaults:5 | Identified a +2 buckler of protection
 88743 | Vaults:5 | Identified a +0 long sword
 88743 | Vaults:5 | Identified a +0 leather armour
 88926 | Vaults:5 | Identified a +0 dire flail
 89040 | Vaults:5 | Identified a cursed -3 halberd
 89163 | Vaults:5 | Identified a +0 great mace
 89163 | Vaults:5 | Identified a +0 plate armour
 89230 | Vaults:5 | Identified a +0 broad axe
 89230 | Vaults:5 | Identified a +0 arbalest
 89323 | Vaults:5 | Identified a +0 great mace
 89323 | Vaults:5 | Identified a +0 dire flail
 89356 | Vaults:5 | Identified a +0 dire flail
 89356 | Vaults:5 | Identified a +0 leather armour
 89500 | Vaults:5 | Identified a +0 dire flail
 89500 | Vaults:5 | Identified a +0 dire flail
 89856 | Vaults:5 | Identified a +0 arbalest
 89862 | Vaults:5 | Reached skill level 11 in Necromancy
 90088 | Vaults:5 | Identified a +0 shortbow
 90525 | Vaults:5 | Identified a +2 great mace
 90525 | Vaults:5 | Identified a +0 scale mail
 90525 | Vaults:5 | Identified a cursed ring of attention
 90831 | Crypt:1  | Entered Level 1 of the Crypt
 90859 | Crypt:1  | Identified a +0 mace
 90865 | Crypt:1  | Identified a +0 glaive
 90865 | Crypt:1  | Identified a +0 chain mail
 91409 | Crypt:1  | Identified a cursed +0 flail
 91409 | Crypt:1  | Identified a +0 robe
 91409 | Crypt:1  | Identified a +2 battleaxe of venom
 91409 | Crypt:1  | Identified a +0 ring mail
 91409 | Crypt:1  | Identified a +4 dagger
 91409 | Crypt:1  | Identified a +0 robe
 91444 | Crypt:1  | Identified a +0 robe
 91444 | Crypt:1  | Identified a +3 hand axe
 91444 | Crypt:1  | Identified a +0 robe
 91706 | Crypt:1  | Reached skill level 12 in Necromancy
 91843 | Crypt:1  | Identified a +0 robe
 91939 | Crypt:1  | Identified a +0 war axe
 91940 | Crypt:1  | Identified a +0 flail
 91950 | Crypt:1  | Identified a +0 trident
 92027 | Crypt:1  | Identified a +0 short sword
 92029 | Crypt:1  | Identified a cursed -3 halberd
 92031 | Crypt:1  | Identified a +0 short sword
 92426 | Crypt:2  | Identified a +2 great sword
 92426 | Crypt:2  | Identified a +0 plate armour
 92489 | Crypt:2  | Identified a +0 robe
 92489 | Crypt:2  | Identified a +1 bardiche
 92489 | Crypt:2  | Identified a cursed +0 plate armour
 92603 | Crypt:2  | Identified a +0 dagger
 92603 | Crypt:2  | Identified a +0 robe
 92620 | Crypt:2  | Identified a cursed +0 short sword
 92761 | Crypt:2  | Reached skill level 13 in Necromancy
 92783 | Crypt:2  | Identified a +0 robe
 92844 | Crypt:2  | Noticed an ancient lich
 92844 | Crypt:2  | Identified a +0 halberd
 92884 | Crypt:2  | Killed an ancient lich
 93015 | Crypt:2  | Identified a +0 robe
 93254 | Crypt:2  | Reached skill level 14 in Necromancy
 93419 | Crypt:2  | Identified a +2 battleaxe
 93419 | Crypt:2  | Identified a +0 chain mail
 93419 | Crypt:2  | Identified a +0 hand axe
 93616 | Crypt:2  | Identified a +0 robe
 93705 | Crypt:2  | Identified a +0 robe
 94053 | Crypt:2  | Identified a +3 long sword
 94053 | Crypt:2  | Identified a +0 blowgun
 94053 | Crypt:2  | Identified a +0 plate armour
 94061 | Crypt:2  | Identified a +0 robe
 94069 | Crypt:2  | Identified a +0 robe
 94095 | Crypt:2  | Identified a +5 hand axe of venom
 94095 | Crypt:2  | Identified a +0 robe
 94096 | Crypt:2  | Identified a +0 robe
 94107 | Crypt:2  | Found a basalt altar of Yredelemnul.
 94107 | Crypt:2  | Identified a +1 great sword of flaming
 94107 | Crypt:2  | Identified a +0 chain mail
 94107 | Crypt:2  | Noticed Jory
 94139 | Crypt:2  | Killed Jory
 94442 | Crypt:3  | Entered Level 3 of the Crypt
 94519 | Crypt:3  | Reached skill level 15 in Necromancy
 95260 | Crypt:3  | Found a staircase to the Tomb.
 95523 | Crypt:3  | Identified a +0 quarterstaff
 95523 | Crypt:3  | Noticed Bai Suzhen
 95534 | Crypt:3  | Identified a +2 dagger of speed
 95534 | Crypt:3  | Identified a +0 robe
 95536 | Crypt:3  | Killed Bai Suzhen
 95554 | Crypt:3  | Identified a +0 dagger
 95554 | Crypt:3  | Identified a +0 robe
 95562 | Crypt:3  | Identified a cursed +0 dagger
 95562 | Crypt:3  | Identified a +0 robe
 95565 | Crypt:3  | Identified a +0 dagger
 95565 | Crypt:3  | Identified a +0 robe
 95565 | Crypt:3  | Identified a +0 dagger
 95565 | Crypt:3  | Identified a +2 robe of positive energy
 95582 | Crypt:3  | Reached skill level 16 in Necromancy
 95700 | Crypt:3  | Found an ancient bone altar of Kikubaaqudgha.
 95700 | Crypt:3  | Identified a +0 long sword
 95711 | Crypt:3  | Identified a +0 rapier of electrocution
 95711 | Crypt:3  | Identified a +0 ring mail
 95837 | Crypt:3  | Identified a +0 dagger
 95837 | Crypt:3  | Identified a +0 robe
 95843 | Crypt:3  | Identified a +3 scythe of pain
 95847 | Crypt:3  | Identified a +2 scythe of venom
 96495 | Crypt:3  | Identified a +0 dagger
 96495 | Crypt:3  | Identified a +0 robe
 96495 | Crypt:3  | Identified a cursed -1 dagger
 96495 | Crypt:3  | Identified a +0 robe
 96560 | Crypt:3  | Identified a +5 scythe of freezing
 96572 | Crypt:3  | Identified a +0 dagger
 96572 | Crypt:3  | Identified a cursed +0 robe
 96581 | Crypt:3  | Noticed an ancient lich
 96581 | Crypt:3  | Noticed a lich
 96662 | Crypt:3  | Identified a +0 scythe of venom
 96679 | Crypt:3  | Identified a +0 dagger
 96679 | Crypt:3  | Identified a +0 robe
 96704 | Crypt:3  | Identified a +1 scythe of freezing
 96716 | Crypt:3  | Identified a +0 dagger
 96716 | Crypt:3  | Identified a +0 robe
 96735 | Crypt:3  | Killed a lich
 96735 | Crypt:3  | Killed an ancient lich
 96747 | Crypt:3  | Identified a +2 pair of gloves of archery (You found it on
                  | level 3 of the Crypt)
 96755 | Crypt:3  | Identified the Almanac of Black Rituals
 96804 | Crypt:3  | Reached skill level 17 in Necromancy
 97417 | Crypt:3  | Identified a +1 scythe of protection
 97559 | Crypt:3  | Noticed a curse skull
 97573 | Crypt:3  | Killed a curse skull
 97938 | Crypt:3  | Noticed a curse skull
 97942 | Crypt:3  | Killed a curse skull
 98140 | Tomb:1   | Entered Level 1 of the Tomb of the Ancients
 99391 | Tomb:1   | Noticed a greater mummy
 99836 | Tomb:1   | Reached skill level 18 in Necromancy
 99902 | Tomb:1   | Noticed a greater mummy
100239 | Tomb:1   | Killed a greater mummy
100941 | Tomb:1   | Identified a +0 hand axe
101070 | Tomb:2   | Noticed a greater mummy
101072 | Tomb:2   | Noticed a greater mummy
101072 | Tomb:2   | Noticed a greater mummy
101078 | Tomb:2   | Identified a +0 scimitar
101078 | Tomb:2   | Identified a +0 robe
101082 | Tomb:2   | HP: 39/204 [jiangshi[a greater mummy] (15)]
101087 | Tomb:2   | HP: 46/207 [greater mummy/divine providence (11)]
101088 | Tomb:2   | HP: 17/207 [??? (15)]
101088 | Tomb:2   | HP: 6/207 [jiangshi[a greater mummy] (11)]
101089 | Tomb:2   | Engulfed by an ushabti's foul pestilence

Table legend:
 A = Turns spent in this place as a percentage of turns spent in the entire game.
 B = Non-inter-level travel turns spent in this place as a percentage of non-inter-level travel turns spent in the entire game.
 C = Inter-level travel turns spent in this place as a percentage of turns spent in this place.
 D = Turns resting spent in this place as a percentage of non-inter-level travel turns spent in this place.
 E = Turns spent auto-exploring this place as a percentage of non-inter-level travel turns spent in this place.
 F = Non-inter-level travel turns spent in this place divided by the number of levels of this place that you've seen.
                   A       B       C       D       E      F
               +-------+-------+-------+-------+-------+----------------------
         Total | 100.0 | 100.0 |   5.4 |  17.3 |  59.1 | 1568.1
       Dungeon |  21.6 |  21.0 |   7.7 |   8.5 |  68.5 | 1342.0
        Temple |   0.2 |   0.2 |  11.8 |   0.0 |  93.9 | 164.0
          Lair |   9.2 |   8.6 |  11.5 |  14.9 |  65.7 | 1370.8
         Swamp |   5.8 |   5.9 |   3.1 |  19.3 |  60.4 | 1415.0
     Snake Pit |  11.4 |  11.8 |   2.1 |  25.4 |  54.6 | 2826.0
    Slime Pits |   5.0 |   5.1 |   3.2 |  39.5 |  32.7 | 975.6
  Orcish Mines |   1.9 |   1.8 |  13.8 |   2.8 |  65.4 | 843.0
   Elven Halls |   6.4 |   6.6 |   2.5 |  29.2 |  48.3 | 2111.7
        Vaults |  14.7 |  14.6 |   6.0 |  12.7 |  69.4 | 2798.2
         Crypt |   7.2 |   7.1 |   6.2 |  13.0 |  53.3 | 2272.7
          Tomb |   2.7 |   2.8 |   2.6 |  36.4 |  16.1 | 1348.5
        Depths |   9.8 |  10.1 |   2.5 |  12.1 |  68.5 | 1938.6
         Abyss |   0.0 |   0.0 |   0.0 |   0.0 |   0.0 |  35.0
        Bazaar |   0.2 |   0.2 |   0.0 |   0.0 |  49.7 | 197.0
         Sewer |   1.1 |   1.2 |   0.0 |  11.5 |  60.2 | 1111.0
        Bailey |   1.2 |   1.3 |   0.0 |  33.4 |  45.8 | 1208.0
      Ice Cave |   1.2 |   1.2 |   0.0 |  41.4 |   9.4 | 1177.0
      Gauntlet |   0.3 |   0.4 |   0.0 |   0.0 |   0.0 | 346.0
               +-------+-------+-------+-------+-------+----------------------

Table legend:
 A = Kills in this place as a percentage of kills in entire the game.
 B = Kills by you in this place as a percentage of kills by you in the entire game.
 C = Kills by friends in this place as a percentage of kills by friends in the entire game.
 D = Other kills in this place as a percentage of other kills in the entire game.
 E = Experience gained in this place as a percentage of experience gained in the entire game.
 F = Experience gained in this place divided by the number of levels of this place that you have seen.
                   A       B       C       D       E      F
               +-------+-------+-------+-------+-------+----------------------
         Total | 100.0 | 100.0 | 100.0 | 100.0 | 100.0 | 21362.4
       Dungeon |  23.3 |  23.8 |   0.0 |  11.3 |   6.1 | 5313.8
          Lair |   8.3 |   8.5 |   0.0 |   4.8 |   4.8 | 10400.5
         Swamp |   5.0 |   5.1 |   0.0 |   1.6 |   4.5 | 14627.0
     Snake Pit |   9.5 |   9.4 |  27.3 |   8.1 |  11.5 | 37462.2
    Slime Pits |   4.7 |   4.9 |   0.0 |   0.0 |   7.1 | 18617.2
  Orcish Mines |   4.9 |   5.0 |   4.5 |   1.6 |   2.2 | 14378.0
   Elven Halls |   3.9 |   3.5 |   0.0 |  24.2 |   6.4 | 27982.3
        Vaults |  13.6 |  12.7 |  59.1 |  30.6 |  21.5 | 56047.8
         Crypt |   9.5 |   9.9 |   0.0 |   0.0 |  12.9 | 55993.0
          Tomb |   1.8 |   1.9 |   0.0 |   0.0 |   2.8 | 18266.5
        Depths |   9.7 |   9.6 |   0.0 |  14.5 |  18.8 | 49117.2
         Abyss |   0.0 |   0.0 |   0.0 |   0.0 |   0.1 | 778.0
         Sewer |   2.0 |   2.1 |   0.0 |   0.0 |   0.0 | 345.0
        Bailey |   1.0 |   0.9 |   9.1 |   3.2 |   0.2 | 2337.0
      Ice Cave |   2.1 |   2.2 |   0.0 |   0.0 |   0.7 | 8929.0
      Gauntlet |   0.5 |   0.5 |   0.0 |   0.0 |   0.3 | 4126.0
               +-------+-------+-------+-------+-------+----------------------

Skill      XL: |  1  2  3  4  5  6  7  8  9 10 11 12 13 14 15 16 17 18 19 20 21 22 23 24 25 26 27 |
---------------+----------------------------------------------------------------------------------+-----
Poison Magic   | 5 6 7 8 9 10 12 | 12.0
Polearms       | 1 3 4 9 10 13 14 16 18 | 18.1
Spellcasting   | 4 6 9 10 12 14 15 16 17 18 | 18.0
Shields        | 3 9 |  9.2
Hexes          | 8 9 13 17 19 | 19.0
Armour         | 5 11 12 14 17 | 17.3
Fighting       | 10 13 15 | 15.0
Earth Magic    | 8 10 | 10.0
Conjurations   | 8 9 13 15 | 15.0
Dodging        | 5 8 |  8.5
Stealth        | 12 | 12.1
Necromancy     | 8 18 | 18.2

Action                   |  1- 3 |  4- 6 |  7- 9 | 10-12 | 13-15 | 16-18 | 19-21 | 22-24 | 25-27 || total
-------------------------+-------+-------+-------+-------+-------+-------+-------+-------+-------++-------
Melee: Unarmed           |    17 |       |       |       |       |       |       |       |       ||    17
       Whip              |    27 |   144 |   138 |       |       |       |       |       |       ||   309
       Dagger            |     1 |       |    79 |       |       |       |       |       |       ||    80
       Spear             |       |       |   291 |    39 |       |       |       |       |       ||   330
       Trident           |       |       |    36 |       |       |       |       |       |       ||    36
       Halberd           |       |       |       |   410 |   584 |  1167 |  1327 |  1368 |  1816 ||  6672
Throw: Javelin           |       |       |       |     2 |       |       |       |       |       ||     2
 Cast: Sting             |    33 |    39 |    43 |       |       |       |       |       |       ||   115
       Poisonous Vapours |     2 |    37 |    74 |    54 |    35 |       |       |       |       ||   202
       Mephitic Cloud    |       |     1 |     1 |     3 |     2 |       |       |       |       ||     7
       Olgreb's Toxic Ra |       |       |    16 |    33 |    34 |    38 |    48 |     9 |    11 ||   189
       Apportation       |       |       |       |    10 |    31 |       |     2 |       |     1 ||    44
       Confuse           |       |       |       |    18 |    51 |   114 |   118 |    33 |     2 ||   336
       Tukima's Dance    |       |       |       |     4 |     2 |       |       |       |       ||     6
       Invisibility      |       |       |       |       |     2 |    11 |     2 |     1 |     1 ||    17
       Swiftness         |       |       |       |       |     1 |       |       |       |       ||     1
       Lee's Rapid Decon |       |       |       |       |     1 |     4 |    10 |     2 |    23 ||    40
       Spectral Weapon   |       |       |       |       |       |    54 |    30 |    41 |    61 ||   186
       Passwall          |       |       |       |       |       |     1 |     3 |       |     2 ||     6
       Orb of Destructio |       |       |       |       |       |       |    13 |    24 |    26 ||    63
       Poison Arrow      |       |       |       |       |       |       |     2 |   176 |   217 ||   395
       Discord           |       |       |       |       |       |       |       |     6 |     3 ||     9
       Sticks to Snakes  |       |       |       |       |       |       |       |     4 |       ||     4
       Passage of Golubr |       |       |       |       |       |       |       |       |     1 ||     1
Invok: Call Merchant     |       |       |       |     2 |       |     2 |     2 |     1 |     4 ||    11
 Abil: Shaft Self        |       |       |     1 |       |       |       |     2 |       |       ||     3
       Dig               |       |       |       |       |       |       |     2 |     5 |     2 ||     9
Evoke: Wand              |       |     3 |    16 |    19 |     6 |       |     2 |       |     4 ||    50
  Use: Potion            |       |     4 |       |     9 |     6 |     6 |     7 |    14 |    11 ||    57
       Scroll            |       |     3 |     7 |     9 |    11 |     9 |    28 |    12 |    10 ||    89
 Stab: Sleeping          |     1 |       |     1 |       |       |     1 |    10 |    11 |    19 ||    43
       Distracted        |       |       |     2 |     2 |     4 |     5 |    12 |    18 |    52 ||    95
       Confused          |       |       |     1 |     8 |    25 |    43 |    67 |    10 |     3 ||   157
       Paralysed         |       |       |       |    12 |       |       |       |       |       ||    12
       Invisible         |       |       |       |       |     6 |    23 |     7 |     6 |       ||    42
  Eat: Chunk             |     1 |    10 |    16 |     1 |       |       |       |       |       ||    28
       Ration            |       |       |     3 |     7 |     8 |    18 |    16 |    18 |    21 ||    91
Armor: Robe              |    11 |    68 |   161 |    22 |       |       |       |       |       ||   262
       Scale mail        |       |       |       |    58 |   141 |   248 |   138 |       |       ||   585
       Leather armour    |       |       |       |       |       |       |    44 |   141 |   116 ||   301
       Skin              |       |       |       |       |       |       |     7 |       |    12 ||    19
Dodge: Dodged            |    28 |   136 |   399 |   195 |   235 |   344 |   226 |   327 |   422 ||  2312
Block: Buckler           |       |       |    59 |   110 |   116 |   142 |       |       |       ||   427
       Reflection        |       |       |     1 |    23 |     8 |    16 |    64 |    83 |    58 ||   253
       Shield            |       |       |       |       |       |   107 |   460 |   912 |  1090 ||  2569

Vanquished Creatures
  2 ancient liches
  A juggernaut (Depths:4)
  A greater mummy (Tomb:1)
  Vashnia (Snake:4)
  Bai Suzhen (Crypt:3)
  Jory (Crypt:2)
  5 golden dragons
  A bone dragon (Depths:5)
  Nikola (Vaults:1)
  An Ice Fiend (IceCv)
  Jorgrun (Swamp:1)
  2 liches
  3 tentacled monstrosities (Vaults:5)
  2 titans (Vaults:5)
  2 deep elf blademasters (Elf:2)
  A deep elf master archer (Elf:3)
  18 acid blobs
  A quicksilver dragon (Depths:2)
  9 sphinxes
  Kirke (Swamp:4)
  2 ancient champions (Crypt:2)
  The ghost of Flugkiller the Brawler, an adept DrCK of Xom (Lair:4)
  6 shadow dragons
  Donald (Elf:3)
  2 storm dragons (Vaults:5)
  Agnes (Snake:4)
  13 tengu reavers
  3 revenants
  15 nagarajas
  A draconian monk (Depths:5)
  11 azure jellies
  8 fire giants
  9 vault wardens
  7 frost giants
  4 deep elf sorcerers (Elf:3)
  2 curse skulls (Crypt:3)
  A caustic shrike zombie (Crypt:2)
  Aizul (Snake:2)
  2 iron dragons
  7 deep elf elementalists
  A spriggan defender (Depths:4)
  4 war gargoyles
  5 reapers (Crypt:3)
  2 ghouls (Crypt:1)
  12 ironheart preservers
  26 very ugly things
  An entropy weaver (Vaults:4)
  12 stone giants
  3 vampire knights
  A black draconian (Depths:5)
  A purple draconian (Depths:5)
  A green draconian (Depths:5)
  A minotaur (Gauntlet)
  2 yellow draconians (Depths:5)
  6 deep elf annihilators
  3 white draconians
  2 red draconians (Depths:5)
  15 ettins
  5 deep elf death magi
  11 eidola
  8 spark wasps
  A crystal guardian (Vaults:4)
  The ghost of Cogiutegg the Covert, a journeyman HuAr of Trog (Lair:2)
  2 death oozes (Slime:5)
  17 jiangshi
  12 ogre magi
  18 great orbs of eyes
  4 deep elf high priests
  7 mummy priests
  10 yaktaur captains
  4 fire dragons
  The ghost of Houdghis the Martial Artist, a journeyman OpNe of Cheibriados (Lair:5)
  A quicksilver dragon skeleton (Crypt:3)
  2 spriggan air magi (Depths:4)
  9 ice dragons
  31 vault guards
  25 anacondas
  2 hell beasts
  14 naga warriors
  2 catoblepae
  6 rakshasas
  A ghost crab (Swamp:2)
  Erica (Orc:1)
  2 two-headed ogres (shapeshifter)
  A merfolk avatar (Lair:6)
  17 hydras
  A shambling mangrove (Swamp:2)
  6 centaur warriors
  A death knight (Crypt:1)
  26 two-headed ogres
  13 vampire magi
  10 death scarabs (Tomb:1)
  14 alligators
  8 deep troll shamans
  7 tengu warriors
  A death yak (Lair:2)
  9 deep troll earth magi
  19 naga sharpshooters
  Urug (Orc:1)
  5 spriggan berserkers
  6 shock serpents
  10 deep elf knights
  A storm dragon zombie (Crypt:3)
  6 spriggans
  Sonja (D:13)
  7 soul eaters
  5 titan skeletons
  2 hell knights
  4 iron trolls
  3 salamander mystics (Snake:4)
  A wretched star (Abyss:2)
  3 spriggan druids
  Nergalle (Lair:4)
  2 sixfirhies (Gauntlet)
  14 skeletal warriors
  3 shadow wraiths
  5 unseen horrors
  A sea snake (Lair:6)
  6 flayed ghosts
  13 swamp dragons
  2 unseen horrors (shapeshifter)
  2 ghost moth zombies (Crypt:3)
  21 deep trolls
  An anaconda zombie (Crypt:3)
  11 glowing orange brains
  An infernal demonspawn (Depths:1)
  A wizard (Vaults:1)
  7 naga ritualists
  3 lindwurms (Swamp:4)
  A shadow dragon zombie (Crypt:3)
  12 deep elf archers
  A golden dragon skeleton (Crypt:3)
  5 harpies
  10 ironbrand convokers
  5 orc knights
  25 phantasmal warriors
  Pikel (D:9)
  A wolf spider zombie (D:15)
  33 ugly things
  8 mana vipers
  3 orc sorcerers
  48 deep elf magi
  5 cyclopes
  4 shining eyes
  2 iron dragon skeletons
  A mana viper (shapeshifter) (Vaults:5)
  14 necromancers
  2 oklob plants (Lair:3)
  A sphinx skeleton (Crypt:1)
  5 wolf spiders
  2 frost giant zombies (Crypt:2)
  9 salamanders
  10 elephants
  A manticore (shapeshifter) (Depths:3)
  3 manticores
  7 fire giant zombies
  16 vault sentinels
  3 stone giant skeletons (Crypt:3)
  A fire giant skeleton (Crypt:3)
  14 guardian serpents
  A moth of wrath (shapeshifter) (Depths:2)
  An ice statue (IceCv)
  A molten gargoyle (Lair:2)
  45 black mambas
  3 rust devils
  19 naga magi
  2 eyes of devastation
  3 centaur skeletons
  A gargoyle (D:15)
  21 spiny frogs
  A spiny frog (shapeshifter) (D:15)
  16 freezing wraiths
  2 yaktaurs (shapeshifter)
  A yellow draconian zombie (Crypt:1)
  13 hellwings (Crypt:3)
  3 rime drakes
  A dire elephant skeleton (Crypt:3)
  A kobold demonologist (D:11)
  2 anaconda simulacra (IceCv)
  A komodo dragon (shapeshifter) (Vaults:4)
  A storm dragon simulacrum (Crypt:2)
  12 komodo dragons
  21 yaktaurs
  5 ice devils
  2 red devils
  A shadow dragon simulacrum (Tomb:1)
  A harpy zombie (Crypt:3)
  2 golden dragon simulacra
  A queen bee (shapeshifter) (D:15)
  4 jumping spiders (Crypt:3)
  4 tengu conjurers
  13 hornets
  10 guardian mummies
  7 tyrant leeches
  A wind drake (shapeshifter) (Vaults:1)
  A polar bear (shapeshifter) (Vaults:4)
  16 trolls
  5 polar bears
  6 bog bodies
  A raiju (Crypt:2)
  A raiju (shapeshifter) (Depths:5)
  18 hippogriffs
  A blink frog (Lair:3)
  101 slime creatures
  A hippogriff (shapeshifter) (D:15)
  2 dream sheep (shapeshifter)
  2 ettin zombies (Crypt:3)
  10 flying skulls
  A redback (shapeshifter) (Vaults:1)
  7 redbacks
  A black mamba zombie (Crypt:3)
  4 centaur simulacra
  5 water elementals
  3 air elementals
  2 vampires
  8 wraiths
  37 yaks
  3 fire elementals
  A wyvern (shapeshifter) (D:15)
  2 dire elephant simulacra (IceCv)
  An ettin skeleton (Crypt:3)
  A satyr skeleton (Crypt:1)
  7 wyverns
  A basilisk (shapeshifter) (Vaults:4)
  An ushabti (Tomb:1)
  11 humans
  2 shadows
  9 golden eyes
  3 basilisks
  2 death yak simulacra (IceCv)
  5 hogs (Swamp:4)
  9 fire bats
  A golden eye (shapeshifter) (Elf:2)
  A neqoxec (Depths:1)
  Grum (Lair:1)
  15 vampire mosquitoes
  A hungry ghost (D:13)
  3 harpy simulacra (IceCv)
  24 swamp worms
  5 insubstantial wisps (Swamp:1)
  6 wargs
  3 iron troll simulacra (IceCv)
  2 soldier ants
  44 nagas
  10 hell hounds
  Duvessa (D:5)
  11 hydra simulacra
  A faun skeleton (Crypt:2)
  5 porcupines
  27 water moccasins
  3 snapping turtle zombies
  10 swamp drakes
  5 ice beasts
  33 orc warriors
  2 manticore zombies
  5 sky beasts
  4 slaves (D:9)
  A spiny frog skeleton (Crypt:3)
  5 eyes of draining
  A fire dragon simulacrum (Crypt:2)
  A phantom (D:10)
  A black bear (Lair:2)
  A necrophage (Crypt:1)
  An ettin simulacrum (IceCv)
  2 boggarts (shapeshifter)
  6 boggarts
  58 ogres
  21 wolves
  2 black bears (shapeshifter)
  21 centaurs
  A manticore skeleton (Crypt:2)
  2 swamp dragon skeletons
  A torpor snail zombie (Crypt:1)
  A snapping turtle skeleton (Crypt:2)
  12 crocodiles
  5 big kobolds
  An elf zombie (D:14)
  A cyclops zombie (Crypt:2)
  17 bullfrogs
  A komodo dragon zombie (Crypt:1)
  2 gnoll sergeants
  A fire crab zombie (Crypt:1)
  2 elf skeletons (D:14)
  An earth elemental (Elf:1)
  6 wyvern skeletons (Crypt:3)
  Dowan (D:5)
  3 scorpions
  19 wights
  8 killer bees
  A troll zombie (Crypt:3)
  A spectral wolf (Crypt:2)
  4 howler monkeys
  2 electric eels
  2 lava snakes (Lair:2)
  11 crimson imps
  3 human zombies (D:14)
  2 bullfrog zombies (D:13)
  8 hounds
  3 draconian simulacra (IceCv)
  25 orc wizards
  5 bullfrog skeletons
  A gnoll shaman (D:6)
  3 iguanas
  3 jellies
  15 orc priests
  Ijyb (D:3)
  A human skeleton (D:14)
  Natasha (thrice) (D:2)
  3 hell rats (Lair:2)
  A spriggan simulacrum (IceCv)
  9 troll simulacra (IceCv)
  9 worker ants
  A polar bear simulacrum (IceCv)
  4 wolf simulacra (IceCv)
  2 hound zombies
  2 hound skeletons
  16 mummies
  19 adders
  25 gnolls
  3 howler monkey skeletons
  3 naga simulacra (IceCv)
  4 river rats
  A swamp drake skeleton (Crypt:2)
  4 shadow imps
  7 white imps
  4 ufetubi (IceCv)
  An ooze (shapeshifter) (Vaults:1)
  10 oozes
  2 adder zombies
  An adder skeleton (D:7)
  5 worms
  5 dart slugs
  14 leopard geckos
  114 orcs
  14 ball pythons
  A bat skeleton (Crypt:2)
  19 giant cockroaches
  10 goblins
  5 hobgoblins
  24 jackals
  4 quokkas
  A ball python zombie (Crypt:1)
  8 bats
  15 frilled lizards
  A frilled lizard skeleton (Crypt:2)
  2 jackal skeletons
  A jackal zombie (D:5)
  33 kobolds
  A leopard gecko skeleton (D:6)
  A leopard gecko zombie (D:5)
  An orc skeleton (Crypt:3)
  2 quokka skeletons
  A quokka zombie (D:8)
  18 rats
  2 demonic plants (Gauntlet)
  2 plants (Lair:3)
  5 spectral weapons
  3 withered plants (Crypt:3)
2462 creatures vanquished.

Vanquished Creatures (collateral kills)
  Rupert (Orc:2)
  A tengu reaver (Vaults:5)
  An ettin (Vaults:5)
  2 yaktaur captains
  3 vault guards (Vaults:5)
  2 naga sharpshooters (Snake:4)
  An ironbrand convoker (Vaults:4)
  A phantasmal warrior (Vaults:4)
  An orc knight (Bailey)
  A black mamba (Snake:4)
  2 naga magi (Snake:3)
  A warg (Vaults:4)
  A naga (Snake:4)
  A floating eye (shapeshifter) (Vaults:4)
  An orc warrior (Bailey)
  An ogre (Vaults:4)
  An orc priest (Vaults:5)
22 creatures vanquished.

Vanquished Creatures (others)
  An ironheart preserver (Vaults:5)
  A stone giant (Vaults:2)
  8 yaktaur captains
  A rakshasa (Depths:1)
  A vault guard (Vaults:5)
  An ice dragon (Depths:1)
  12 dancing weapons
  An ogre mage (Vaults:2)
  2 centaur warriors
  A naga sharpshooter (Snake:1)
  A deep troll (Vaults:4)
  A deep elf archer (Elf:3)
  A naga mage (Snake:3)
  An ironbrand convoker (Vaults:5)
  3 deep elf magi
  3 cyclopes
  A black mamba (Snake:4)
  A guardian serpent (shapeshifter) (Vaults:5)
  3 yaktaurs
  A fire elemental (Elf:2)
  2 centaurs
  A white imp (IceCv)
  3 ufetubi (IceCv)
  5 orcs
  5 fungi
  20 plants
  16 spectral weapons
  4 withered plants (Crypt:3)
101 creatures vanquished.

Grand Total: 2585 creatures vanquished
